 Dungeon Crawl Stone Soup version 0.31-a0-145-g046c7d2549 (webtiles) character file.

Game seed: 16316401446738133099

497782 qw the Conqueror (level 23, -12/240 HPs)
             Began as a Minotaur Hunter on June 7, 2023.
             Was an Elder of Okawaru.
             Mangled by a death cob (22 damage)
             ... on level 2 of the Realm of Zot.
             The game lasted 00:26:31 (44706 turns).

qw the Conqueror (Minotaur Hunter)                 Turns: 44706, Time: 00:26:32

Health: -12/240    AC: 27    Str: 28    XL:     23   Next: 70%
Magic:  33/33      EV: 48    Int:  6    God:    Okawaru [****..]
Gold:   945        SH:  0    Dex: 37    Spells: 22/22 levels left

rFire   + + +        o - +8 longbow (drain)
rCold   + + +        (shield currently unavailable)
rNeg    + . .        h - +3 swamp dragon scales
rPois   +            n - +0 hat of Parts Unknown {rC+ Will+ Str+3}
rElec   +            s - scarf of the Beggar {rC+ rF+, rN+ Dex+6 SInv}
rCorr   +            f - +2 pair of gloves
SInv    +            p - +2 pair of boots of Maotila {Regen+ rCorr Slay+2}
Will    ++...        v - amulet of faith
Stlth   ++++         Y - +6 ring of dexterity
HPRegen 1.40/turn    a - ring of Okuowe Bastro {rF+ Str+6 Dex+3}
MPRegen 0.23/turn

%: faith
@: about to teleport, resistant, heroic
A: horns 2, retaliatory headbutt, inability to drink after injury 1
}: 3/15 runes: decaying, silver, gossamer
a: Renounce Religion, Heroism, Finesse


You were on level 2 of the Realm of Zot.
You worshipped Okawaru.
Okawaru was greatly pleased with you.
You visited 9 branches of the dungeon, and saw 42 of its levels.
You visited the Abyss 1 time.
You visited 1 bazaar.
You also visited: Gauntlet.

You collected 7261 gold pieces.
You spent 6316 gold pieces at shops.


Innate Abilities, Weirdness & Mutations

You have a pair of horns on your head.
You reflexively headbutt those who attack you in melee.
You occasionally lose the ability to drink potions when taking damage.


   Skills:
 O Level 27 Fighting
 - Level 22.0(27) Ranged Weapons
 - Level 22.0(27) Armour
 - Level 22.0(27) Dodging
 - Level 0.7(5.7) Stealth
 + Level 15.8 Invocations


You had 22 spell levels left.
You didn't know any spells.
Your spell library was empty.

Inventory:

Hand Weapons
 o - a +8 longbow of draining (weapon)
Armour
 f - a +2 pair of gloves (worn)
 h - +3 swamp dragon scales (worn)
 j - the +0 pair of gloves of Ygapouj {Fly rF- MP+9 Stlth-}
   (Okawaru gifted it to you on level 4 of the Swamp)

   rF:        It makes you vulnerable to fire.
   MP:        It affects your magic capacity (+9).
   Fly:       It grants you flight.
   Stlth:     It makes you less stealthy.
 l - a +2 hat
 n - the +0 hat of Parts Unknown (worn) {rC+ Will+ Str+3}
   (You acquired it in a bazaar)

   Str:       It affects your strength (+3).
   rC:        It protects you from cold.
   Will:      It increases your willpower.
 p - the +2 pair of boots of Maotila (worn) {Regen+ rCorr Slay+2}
   (You found it in a Gauntlet)

   Slay:      It affects your accuracy & damage with ranged weapons and melee
   (+2).
   Regen:     It increases your rate of health regeneration.
   rCorr:     It protects you from acid and corrosion.
 s - the scarf of the Beggar (worn) {rC+ rF+, rN+ Dex+6 SInv}
   (Okawaru gifted it to you on level 2 of the Lair of Beasts)

   Dex:       It affects your dexterity (+6).
   rN:        It protects you from negative energy.
   SInv:      It lets you see invisible.
 w - quicksilver dragon scales
 C - a +3 ring mail of fire resistance
Jewellery
 a - the ring of Okuowe Bastro (right hand) {rF+ Str+6 Dex+3}
   (You found it on level 2 of the Swamp)

   [ring of strength]

   Str:       It affects your strength (+6).
   Dex:       It affects your dexterity (+3).
   rF:        It protects you from fire.
 q - the ring "Ginit" {rF+ Will+ MP+9 Int-2}
   (You found it in a Gauntlet)

   [ring of willpower]

   Int:       It affects your intelligence (-2).
   rF:        It protects you from fire.
   MP:        It affects your magic capacity (+9).
   Will:      It increases your willpower.
 v - an amulet of faith (around neck)
 z - a +6 ring of dexterity
 B - the amulet of Vitality {RegenMP++ Regen++}
   (You bought it in a shop on level 2 of the Orcish Mines)

   [amulet of magic regeneration]

   It increases your rate of magic regeneration.
   Regen:     It increases your rate of health regeneration.
 Y - a +6 ring of dexterity (left hand)
Wands
 t - a wand of digging (17)
Scrolls
 b - 14 scrolls of identify
 e - 17 scrolls of teleportation
Potions
 d - 7 potions of mutation
 g - 5 potions of haste
 i - 22 potions of curing
 k - 3 potions of magic
 r - 5 potions of cancellation
 x - 6 potions of might

Dungeon Overview and Level Annotations

Branches:
Dungeon (15/15)            Temple (1/1) D:4            Lair (5/5) D:10
  Swamp (4/4) Lair:3       Spider (4/4) Lair:2        Slime (0/5) Lair:5
    Orc (2/2) D:12            Elf (0/3) Orc:2        Vaults (5/5) D:14
  Crypt (0/3) Vaults:3     Depths (4/4) D:15            Zot (2/5) Depths:4
Gauntlet (visited)

Altars:
Ashenzari
Cheibriados
Dithmenos
Elyvilon
Fedhas
Gozag
Hepliaklqana
Kikubaaqudgha
Makhleb
Nemelex Xobeh
Okawaru
Qazlal
Ru
Sif Muna
Trog
Uskayaw
Vehumet
Wu Jian
Xom
Yredelemnul
Zin
The Shining One

Shops:
D:4 [   D:8 ?   D:10 [   D:14 (   Orc:2 =*(*(   Vaults:1 [*   Vaults:3 =

Portals:
Hell: Depths:1 Depths:2 Depths:3 Depths:4
Abyss: Depths:1 Depths:3
Pandemonium: Depths:2 Depths:4
Ziggurat: Depths:3
Bailey: D:7

Annotations:
D:9 3 runed translucent doors, qw's ghost, journeyman GrFi
D:12 1 runed translucent door, Yklotitu's ghost, journeyman CeHu
Lair:2 3 runed translucent doors, qw's ghost, journeyman GrFi
Lair:5 2 runed translucent doors
Orc:1 1 runed translucent door, tatocazan's ghost, journeyman MiFi
Vaults:1 8 runed translucent doors, Forgeling's ghost, adept FeEn
Vaults:2 1 runed translucent door, qw's ghost, adept MiHu
Vaults:3 2 runed translucent doors, Adoajy's ghost, adept DsWr; qw's ghost, adept MiHu
Depths:2 3 runed translucent doors, qw's ghost, veteran GrFi
Depths:4 6 runed translucent doors


Message History

The golden dragon completely misses you.
You furiously retaliate!
You headbutt the golden dragon!!
The golden dragon completely misses you.
The golden dragon tramples you.
You hold your ground!
The death cob completely misses you.
The quicksilver dragon rages.
The moth of wrath goads the green draconian on!
The green draconian goes berserk!
The storm dragon completely misses you. x3
The shadow dragon completely misses you.
You furiously retaliate!
You headbutt the shadow dragon.
The shadow dragon completely misses you.
The shadow dragon claws you!
The yellow draconian annihilator gestures wildly while chanting.
The yellow draconian annihilator blinks!
The death cob completely misses you. You furiously retaliate!
You headbutt the death cob! The golden dragon misses you.
You furiously retaliate!
You headbutt the golden dragon!
The golden dragon claws you but does no damage.
The golden dragon completely misses you.
A death cob comes into view.
You hear a roar!
You shoot an arrow. The arrow hits the golden dragon!!!
The golden dragon is severely wounded.
The yellow draconian is no longer berserk.
The death cob completely misses you. You furiously retaliate!
You headbutt the death cob! The storm dragon completely misses you.
The storm dragon claws you. The storm dragon tramples you!
You hold your ground!
The shadow dragon completely misses you. x3
The golden dragon rages.
The golden dragon completely misses you.
You furiously retaliate!
You headbutt the golden dragon.
The golden dragon completely misses you.
The golden dragon closely misses you.
You hear a roar! x2
You shoot an arrow.
The arrow barely misses the golden dragon.
The arrow hits the quicksilver dragon!!
The quicksilver dragon is heavily wounded.
The death cob hits you!!
You die...

.. ###........
.##..........#
............# .
...........#
..###...........
>......dd......#
.#....dDDy......
.....DD@*d...#
.##d.###zz..#..
... #..Dy.....#
. .....y.......
....#....#.....
... .^.d.d...$.
D. ...#z#..##..
# D...##..# .
..... ...


You could see an orb of fire, a shadow dragon (berserk), 2 golden dragons, a
storm dragon (berserk), a black draconian, 2 draconians, 3 draconians, a purple
draconian, 3 death cobs, a quicksilver dragon (berserk) and 3 moths of wrath.

Vanquished Creatures
  Tiamat (Zot:1)
  An orb of fire (Zot:1)
  Mennas (Depths:3)
  Mara (Vaults:4)
  A juggernaut (Depths:4)
  Boris (Vaults:4)
  the Lernaean hydra (Swamp:4)
  Bai Suzhen (Vaults:4)
  Saint Roka (Vaults:4)
  3 golden dragons
  2 caustic shrikes (Depths:3)
  Xtahua (Vaults:2)
  3 bone dragons
  Jorgrun (Orc:2)
  8 tentacled monstrosities
  3 liches
  A deep elf master archer (Depths:3)
  4 titans
  A quicksilver dragon (Zot:1)
  A deep elf blademaster (Depths:3)
  5 sphinxes
  2 tentacled starspawn (Abyss:3)
  2 death cobs
  10 tengu reavers
  A draconian monk (Zot:1)
  A thorn hunter (Swamp:4)
  Roxanne (Spider:4)
  Donald (Swamp:1)
  8 shadow dragons
  6 storm dragons
  6 emperor scorpions
  3 iron dragons
  10 fire giants
  A draconian knight (Zot:1)
  18 frost giants
  2 draconian scorchers (Zot:1)
  A deep elf sorcerer (Vaults:5)
  18 vault wardens
  2 draconian shifters (Zot:1)
  3 ghost moths (Spider:4)
  14 ironbound preservers
  A draconian annihilator (Zot:1)
  2 orc warlords
  2 spriggan defenders (Depths:4)
  3 draconian stormcallers (Depths:4)
  2 broodmothers
  9 very ugly things
  18 stone giants
  A quicksilver ooze (Gauntlet)
  8 ironbound thunderhulks
  6 vampire knights
  2 caustic shrike skeletons (Depths:3)
  2 formless jellyfish
  2 eleionomae (Swamp:4)
  5 spark wasps
  2 deep elf demonologists (Depths:3)
  5 bunyips
  A deep elf annihilator (Vaults:5)
  4 dire elephants (Vaults:3)
  5 green draconians
  10 white draconians
  A minotaur (Gauntlet)
  7 black draconians
  7 red draconians
  A yellow draconian (Depths:4)
  5 purple draconians
  A deep elf death mage (Vaults:2)
  An ettin (shapeshifter) (Vaults:3)
  15 ettins
  10 fire dragons
  A blizzard demon (Depths:4)
  2 shambling mangroves
  18 yaktaur captains
  4 jiangshi
  5 entropy weavers
  Josephine (D:15)
  8 great orbs of eyes
  5 deep elf high priests
  21 hydras
  Fannar (Orc:1)
  Harold (Lair:1)
  8 ice dragons
  A ghost crab (Swamp:3)
  34 vault guards
  3 rakshasas
  A peacekeeper (Vaults:4)
  5 spriggan air magi
  2 radroaches
  19 centaur warriors
  An anaconda (shapeshifter) (Vaults:5)
  13 ironbound frosthearts
  A two-headed ogre (shapeshifter) (Vaults:3)
  A death knight (D:15)
  2 boulder beetles
  A catoblepas (Lair:5)
  A two-headed ogre (D:9)
  10 tengu warriors
  A satyr (shapeshifter) (Vaults:3)
  11 alligators
  4 deep troll shamans
  9 deep troll earth magi
  An orc high priest (Orc:2)
  14 demonic crawlers
  8 spriggan berserkers
  2 thrashing horrors (Abyss:3)
  8 death yaks
  3 vampire magi
  5 iron trolls
  5 hell knights (Depths:2)
  Amaemon (Lair:2)
  3 wretched stars (Abyss:3)
  A fire crab (Lair:5)
  9 swamp dragons
  A spark wasp zombie (Depths:3)
  2 goliath frogs
  2 skysharks (Lair:5)
  A death drake (shapeshifter) (Vaults:3)
  2 pharaoh ants
  3 sun moths
  3 flayed ghosts (Depths:3)
  A glowing orange brain (shapeshifter) (Vaults:3)
  5 spriggan druids
  A bunyip zombie (Abyss:3)
  38 deep trolls
  4 glowing orange brains
  Pikel (D:8)
  A bog body (Swamp:2)
  A deep elf archer (Vaults:2)
  9 wizards
  2 phantasmal warriors (Vaults:5)
  A lindwurm (shapeshifter) (Depths:3)
  13 lindwurms
  12 orb spiders
  3 starcursed masses (Abyss:3)
  6 steelbarb worms
  5 harpies (Vaults:2)
  10 necromancers
  16 ironbound convokers
  7 orc knights
  3 deep elf zephyrmancers (Vaults:2)
  A tengu skeleton (Vaults:2)
  A mana viper (shapeshifter) (Vaults:5)
  20 ugly things
  3 deep elf pyromancers
  A stone giant zombie (Vaults:2)
  8 orc sorcerers
  A shining eye (shapeshifter) (Vaults:5)
  25 wolf spiders
  7 cyclopes
  6 moths of wrath
  A worldbinder (Abyss:3)
  5 manticores
  8 black mambas
  19 vault sentinels
  2 molten gargoyles (Lair:5)
  A gargoyle (D:10)
  2 torpor snails
  18 elephants
  An orange demon (Lair:2)
  2 smoke demons (Abyss:3)
  3 unseen horrors (Depths:1)
  15 cane toads
  An efreet (D:13)
  27 yaktaurs
  6 rime drakes
  8 komodo dragons
  A komodo dragon (shapeshifter) (D:15)
  2 kobold demonologists (D:13)
  9 tengu conjurers
  An elf skeleton (Vaults:5)
  2 ancient zymes (Abyss:3)
  7 meliai
  15 hornets
  3 bloated husks
  10 tyrant leeches
  5 trolls
  A raiju (shapeshifter) (Vaults:5)
  31 tarantellas
  16 blink frogs
  9 large abominations
  Grinder (D:3)
  3 raiju (Abyss:3)
  An ettin zombie (Abyss:3)
  A snapping turtle (shapeshifter) (Vaults:5)
  A stone giant simulacrum (Vaults:5)
  Sigmund (D:5)
  20 culicivoras
  12 spriggans
  4 shadows
  9 wyverns
  52 slime creatures
  7 wraiths
  36 yaks
  3 water elementals
  19 jumping spiders
  3 basilisks
  2 fire bats (Lair:3)
  An elf zombie (Vaults:5)
  A chaos spawn (Depths:1)
  Grum (Lair:1)
  A fire elemental (Lair:3)
  A human (D:14)
  2 steam dragons
  7 vampire mosquitoes
  49 redbacks
  Edmund (D:5)
  9 wargs
  14 swamp worms
  A harpy simulacrum (Abyss:3)
  2 acid dragons
  An ogre zombie (Vaults:5)
  4 hell hounds (Lair:5)
  12 small abominations
  5 swamp drakes (Swamp:4)
  4 black bears
  19 water moccasins
  3 ice beasts
  33 orc warriors
  11 ogres
  4 boggarts (Vaults:1)
  20 wolves
  4 lemures (D:8)
  22 centaurs
  A human zombie (Vaults:2)
  A phantom (D:6)
  6 kobold brigands
  6 bullfrogs
  8 wights
  4 killer bees (D:9)
  5 howler monkeys
  An electric eel (Lair:2)
  5 lava snakes (Lair:5)
  A quasit (Abyss:3)
  5 hounds
  8 jellies
  40 orc priests
  An iron imp (Abyss:3)
  3 iguanas
  41 orc wizards
  2 polar bear simulacra (Lair:3)
  A yak simulacrum (Lair:3)
  5 wolf simulacra (Lair:3)
  9 adders
  A shadow imp (Spider:1)
  2 white imps
  5 ufetubi
  A worm (D:2)
  2 dart slugs
  88 orcs
  23 endoplasms
  A giant cockroach (D:1)
  8 goblins
  7 hobgoblins
  21 kobolds
  8 ball pythons
  2 bats (D:3)
  5 frilled lizards
  7 rats
  3 river rat simulacra (Lair:3)
  A spectral hobgoblin (D:11)
  A starspawn tentacle (Abyss:3)
1748 creatures vanquished.

Vanquished Creatures (others)
  A purple draconian (Zot:2)
  A will-o-the-wisp (Swamp:2)
  An unseen horror (shapeshifter) (D:14)
  2 bloated husks
  A hell hound (Lair:5)
  2 foxfires (Swamp:2)
  3 starspawn tentacles (Abyss:3)
11 creatures vanquished.

Grand Total: 1759 creatures vanquished

Notes
Turn   | Place    | Note
-------+----------+-------------------------------------------
     0 | D:1      | qw the Minotaur Hunter began the quest for the Orb.
     0 | D:1      | Reached XP level 1. HP: 18/18 MP: 0/0
     0 | D:1      | 0 ||| qw: Version: 0.2-a-117-gc6b5c8b
     0 | D:1      | 0 ||| qw: Game counter: 2455
     0 | D:1      | 0 ||| qw: Always use a shield: true
     0 | D:1      | 0 ||| qw: God list: Okawaru
     0 | D:1      | 0 ||| qw: Allow faded altars: false
     0 | D:1      | 0 ||| qw: Do Orc after D:15 true
     0 | D:1      | 0 ||| qw: Do second Lair branch before Depths: true
     0 | D:1      | 0 ||| qw: Lair rune preference: random
     0 | D:1      | 0 ||| qw: Plans: Normal
     0 | D:1      | 0 ||| PLANNING D:1-11
    60 | D:1      | Found a faded altar of an unknown god.
    99 | D:1      | Reached XP level 2. HP: 25/25 MP: 1/1
   457 | D:1      | 457 ||| READING scroll labelled ZYLETA BOACO.
   458 | D:1      | 458 ||| READING scroll labelled FUGGOE ATZI.
   458 | D:1      | Identified a scroll of acquirement
   458 | D:1      | 458 ||| ACQUIRING +6 ring of strength
   458 | D:1      | Acquired a +6 ring of strength
   460 | D:1      | 460 ||| UPGRADING to +6 ring of strength.
   461 | D:1      | 461 ||| DRINKING 2 emerald potions.
   462 | D:1      | 462 ||| DROPPING scroll of butterflies.
   488 | D:2      | Reached skill level 3 in Fighting
   619 | D:2      | Reached XP level 3. HP: 31/31 MP: 2/2
   866 | D:2      | 866 ||| READING 4 scrolls labelled WEKKIO ACYESAE.
   867 | D:2      | 867 ||| READING 4 scrolls labelled LIUNIX EWYFRA.
   872 | D:2      | 872 ||| READING 3 scrolls of identify.
   872 | D:2      | 872 ||| IDENTIFYING pink potion
   873 | D:2      | 873 ||| READING 2 scrolls of identify.
   873 | D:2      | 873 ||| IDENTIFYING white potion
   874 | D:2      | 874 ||| DROPPING potion of enlightenment.
   875 | D:2      | 875 ||| DROPPING potion of berserk rage.
  1033 | D:3      | Found a shimmering blue altar of Sif Muna.
  1105 | D:3      | Noticed Grinder
  1119 | D:3      | Killed Grinder
  1120 | D:3      | Reached XP level 4. HP: 26/38 MP: 3/3
  1120 | D:3      | Reached XP level 5. HP: 31/45 MP: 4/4
  1172 | D:3      | Found a blossoming altar of Fedhas.
  1253 | D:3      | 1253 ||| FLEEEEING.
  1254 | D:3      | 1254 ||| FLEEEEING.
  1255 | D:3      | 1255 ||| FLEEEEING.
  1256 | D:3      | 1256 ||| FLEEEEING.
  1257 | D:3      | 1257 ||| FLEEEEING.
  1258 | D:3      | 1258 ||| FLEEEEING.
  1260 | D:3      | Reached XP level 6. HP: 47/52 MP: 5/5
  1272 | D:3      | 1272 ||| FLEEEEING.
  1273 | D:3      | 1273 ||| FLEEEEING.
  1681 | D:3      | 1681 ||| UPGRADING to +0 ring mail.
  1691 | D:3      | 1691 ||| DROPPING +0 leather armour.
  1692 | D:3      | 1692 ||| UPGRADING to +0 robe of fire resistance.
  1702 | D:3      | 1702 ||| READING 2 scrolls labelled ZYUCWAUTEECK.
  1703 | D:3      | 1703 ||| READING scroll labelled LABRYE KOIMP.
  1704 | D:3      | 1704 ||| READING scroll labelled VOAQUIFA PULU.
  1705 | D:3      | 1705 ||| READING scroll labelled VEJILALULO.
  1706 | D:3      | 1706 ||| READING scroll labelled CAYXTAMNUK.
  1707 | D:3      | 1707 ||| READING 4 scrolls of identify.
  1707 | D:3      | 1707 ||| IDENTIFYING metallic dark potion
  1708 | D:3      | 1708 ||| READING 3 scrolls of identify.
  1708 | D:3      | 1708 ||| IDENTIFYING viscous amethyst potion
  1709 | D:3      | 1709 ||| READING 2 scrolls of identify.
  1709 | D:3      | 1709 ||| IDENTIFYING red potion
  1710 | D:3      | 1710 ||| DROPPING scroll of poison.
  1711 | D:3      | 1711 ||| DROPPING potion of invisibility.
  1713 | D:3      | 1713 ||| Stepping ~*~*~tactically~*~*~ (cloud).
  1817 | D:4      | Reached skill level 4 in Fighting
  1829 | D:4      | 1829 ||| FLEEEEING.
  1830 | D:4      | 1830 ||| FLEEEEING.
  1831 | D:4      | 1831 ||| FLEEEEING.
  1832 | D:4      | 1832 ||| FLEEEEING.
  1833 | D:4      | 1833 ||| FLEEEEING.
  1834 | D:4      | 1834 ||| FLEEEEING.
  1835 | D:4      | 1835 ||| FLEEEEING.
  1836 | D:4      | 1836 ||| FLEEEEING.
  1837 | D:4      | 1837 ||| FLEEEEING.
  1841 | D:4      | 1841 ||| STAIRDANCE
  1891 | D:4      | Found a sacrificial altar of Ru.
  1960 | D:4      | Found a radiant altar of Vehumet.
  2143 | D:4      | Found a bloodstained altar of Trog.
  2237 | D:4      | Reached skill level 3 in Dodging
  2291 | D:4      | Found a staircase to the Ecumenical Temple.
  2292 | D:4      | 2292 ||| PLANNING TEMPLE
  2303 | Temple   | Entered the Ecumenical Temple
  2413 | Temple   | 2413 ||| PLANNING D:1-11
  2433 | D:4      | Reached XP level 7. HP: 59/59 MP: 6/6
  2474 | D:4      | Noticed an animated shadow dragon scales
  2479 | D:4      | Found Syveap's Armour Boutique.
  2480 | D:4      | Noticed an animated pearl dragon scales
  2491 | D:4      | Reached skill level 5 in Fighting
  2657 | D:4      | 2657 ||| UPGRADING to +0 cloak.
  2662 | D:4      | 2662 ||| READING 2 scrolls of identify.
  2662 | D:4      | 2662 ||| IDENTIFYING ruby potion
  2663 | D:4      | 2663 ||| DROPPING potion of degeneration.
  2703 | D:5      | Entered Level 5 of the Dungeon
  2749 | D:5      | 2749 ||| FLEEEEING.
  2750 | D:5      | 2750 ||| FLEEEEING.
  2752 | D:5      | 2752 ||| FLEEEEING.
  2753 | D:5      | 2753 ||| FLEEEEING.
  2755 | D:5      | 2755 ||| FLEEEEING.
  2756 | D:5      | 2756 ||| FLEEEEING.
  2758 | D:5      | 2758 ||| FLEEEEING.
  2759 | D:5      | 2759 ||| FLEEEEING.
  2760 | D:5      | 2760 ||| FLEEEEING.
  2761 | D:5      | 2761 ||| FLEEEEING.
  2762 | D:5      | 2762 ||| FLEEEEING.
  2763 | D:5      | 2763 ||| FLEEEEING.
  2764 | D:5      | 2764 ||| FLEEEEING.
  2768 | D:5      | 2768 ||| STAIRDANCE
  3053 | D:5      | Noticed Sigmund
  3058 | D:5      | Killed Sigmund
  3059 | D:5      | Reached skill level 9 in Ranged Weapons
  3236 | D:5      | Reached skill level 1 in Armour
  3414 | D:5      | Reached skill level 6 in Fighting
  3414 | D:5      | Reached XP level 8. HP: 70/70 MP: 7/7
  3468 | D:5      | Found a glowing golden altar of the Shining One.
  3592 | D:5      | Noticed Edmund
  3599 | D:5      | Killed Edmund
  3749 | D:5      | 3749 ||| UPGRADING to +0 pair of gloves.
  3754 | D:5      | 3754 ||| READING scroll labelled UBOIMITRAU.
  3755 | D:5      | 3755 ||| DRINKING 3 murky cyan potions.
  3756 | D:5      | 3756 ||| DRINKING potion of curing.
  3756 | D:5      | 3756 ||| (to cure confusion)
  3757 | D:5      | 3757 ||| DROPPING 2 potions of ambrosia.
  3941 | D:6      | Reached skill level 7 in Fighting
  3961 | D:6      | 3961 ||| READING scroll of enchant weapon.
  3961 | D:6      | 3961 ||| ENCHANTING +1 shortbow of flaming.
  4293 | D:6      | 4293 ||| UPGRADING to amulet of the acrobat.
  4333 | D:7      | Found an iron altar of Okawaru.
  4333 | D:7      | Found a shimmering altar of Xom.
  4334 | D:7      | 4334 ||| PLANNING OKAWARU WORSHIP
  4338 | D:7      | Became a worshipper of Warmaster Okawaru
  4338 | D:7      | 4338 ||| PLANNING D:1-11
  4502 | D:7      | Reached XP level 9. HP: 64/79 MP: 8/8
  4581 | D:7      | Found an ornate altar of the Wu Jian Council.
  4868 | D:7      | Found a flagged portal.
  4909 | D:7      | 4909 ||| UPGRADING to +5 ring of evasion.
  4927 | D:8      | Found Fimoy's Magic Scroll Boutique.
  4934 | D:8      | 4934 ||| BUYING scroll of brand weapon (123 gold).
  4934 | D:8      | Bought a scroll of brand weapon for 123 gold pieces
  4934 | D:8      | 4934 ||| BUYING scroll of enchant armour (97 gold).
  4934 | D:8      | Bought a scroll of enchant armour for 97 gold pieces
  4934 | D:8      | 4934 ||| BUYING scroll of identify (26 gold).
  4934 | D:8      | Bought a scroll of identify for 26 gold pieces
  4934 | D:8      | 4934 ||| BUYING scroll of identify (26 gold).
  4934 | D:8      | Bought a scroll of identify for 26 gold pieces
  4934 | D:8      | 4934 ||| BUYING scroll of teleportation (39 gold).
  4934 | D:8      | Bought a scroll of teleportation for 39 gold pieces
  4934 | D:8      | 4934 ||| READING scroll of brand weapon.
  4934 | D:8      | 4934 ||| BRANDING +2 shortbow of flaming.
  4935 | D:8      | 4935 ||| READING scroll of enchant armour.
  4935 | D:8      | 4935 ||| ENCHANTING +0 pair of gloves.
  4958 | D:8      | Noticed Pikel
  4974 | D:8      | Noticed a cyclops
  4979 | D:8      | HP: 13/79 [orc priest/divine providence (12)]
  4980 | D:8      | 4980 ||| READING 6 scrolls of teleportation.
  5020 | D:8      | HP: 16/79 [cyclops/large rock (6)]
  5021 | D:8      | 5021 ||| READING 5 scrolls of teleportation.
  5030 | D:8      | 5030 ||| READING 4 scrolls of teleportation.
  5034 | D:8      | HP: 16/79 [ice beast (4)]
  5034 | D:8      | HP: 6/79 [ice beast (10)]
  5036 | D:8      | Reached skill level 12 in Ranged Weapons
  5036 | D:8      | 5036 ||| READING 3 scrolls of teleportation.
  5039 | D:8      | Killed a cyclops
  5039 | D:8      | Reached * piety under Okawaru
  5040 | D:8      | Reached skill level 8 in Fighting
  5040 | D:8      | 5040 ||| READING 2 scrolls of teleportation.
  5041 | D:8      | 5041 ||| INVOKING Heroism.
  5043 | D:8      | 5043 ||| FLEEEEING.
  5044 | D:8      | 5044 ||| FLEEEEING.
  5116 | D:8      | 5116 ||| INVOKING Heroism.
  5127 | D:8      | 5127 ||| INVOKING Heroism.
  5130 | D:8      | Killed Pikel
  5245 | D:8      | Reached skill level 1 in Invocations
  5255 | D:8      | Reached ** piety under Okawaru
  5297 | D:8      | 5297 ||| SWAPPING to +0 orcbow.
  5298 | D:8      | 5298 ||| DROPPING +2 shortbow of freezing.
  5375 | D:8      | Found an ancient bone altar of Kikubaaqudgha.
  5415 | D:8      | 5415 ||| READING scroll of enchant armour.
  5415 | D:8      | 5415 ||| ENCHANTING +1 pair of gloves.
  5451 | D:8      | 5451 ||| INVOKING Heroism.
  5471 | D:8      | 5471 ||| INVOKING Heroism.
  5510 | D:8      | 5510 ||| INVOKING Heroism.
  5628 | D:8      | 5628 ||| INVOKING Heroism.
  5661 | D:8      | 5661 ||| UPGRADING to +1 cloak.
  5671 | D:8      | 5671 ||| DROPPING +0 cloak.
  5701 | D:9      | 5701 ||| INVOKING Heroism.
  5702 | D:9      | 5702 ||| Stepping ~*~*~tactically~*~*~ (outnumbered).
  5783 | D:9      | Noticed a two-headed ogre
  5784 | D:9      | Reached skill level 6 in Dodging
  5784 | D:9      | 5784 ||| INVOKING Heroism.
  5787 | D:9      | 5787 ||| Stepping ~*~*~tactically~*~*~ (outnumbered).
  5791 | D:9      | Reached XP level 10. HP: 90/90 MP: 7/11
  5797 | D:9      | Reached skill level 3 in Invocations
  5801 | D:9      | 5801 ||| INVOKING Heroism.
  5806 | D:9      | Killed a two-headed ogre
  5874 | D:9      | Found a runed translucent gate.
  5874 | D:9      | Found a runed translucent gate.
  5875 | D:9      | Found a runed translucent gate.
  5878 | D:9      | Noticed qw's ghost (journeyman GrFi)
  5935 | D:9      | 5935 ||| READING 2 scrolls of enchant weapon.
  5935 | D:9      | 5935 ||| ENCHANTING +0 orcbow.
  5936 | D:9      | 5936 ||| READING scroll of enchant weapon.
  5936 | D:9      | 5936 ||| ENCHANTING +1 orcbow.
  6079 | D:9      | Found a snail-covered altar of Cheibriados.
  6186 | D:9      | Found a shadowy altar of Dithmenos.
  6217 | D:9      | Reached skill level 9 in Fighting
  6674 | D:10     | Entered Level 10 of the Dungeon
  6728 | D:10     | 6728 ||| INVOKING Heroism.
  6948 | D:10     | Noticed a gargoyle
  6962 | D:10     | 6962 ||| INVOKING Heroism.
  6965 | D:10     | Killed a gargoyle
  7069 | D:10     | 7069 ||| INVOKING Heroism.
  7071 | D:10     | 7071 ||| Stepping ~*~*~tactically~*~*~ (outnumbered).
  7081 | D:10     | Reached XP level 11. HP: 58/97 MP: 11/13
  7088 | D:10     | Reached *** piety under Okawaru
  7232 | D:10     | Found a staircase to the Lair.
  7381 | D:10     | Found Zuiwiar's Armour Emporium.
  7388 | D:10     | 7388 ||| SHOPLISTING +1 leather armour of fire resistance
                  | (196 gold, have 157).
  7388 | D:10     | 7388 ||| SHOPLISTING +4 robe of Folly {Brill Will-∞ Int+8}
                  | (623 gold, have 157).
  7528 | D:10     | 7528 ||| INVOKING Heroism.
  7536 | D:10     | Reached skill level 10 in Fighting
  7540 | D:10     | 7540 ||| INVOKING Heroism.
  7641 | D:10     | 7641 ||| INVOKING Heroism.
  7683 | D:10     | Found a white marble altar of Elyvilon.
  7778 | D:10     | Found a glowing silver altar of Zin.
  7778 | D:10     | Noticed an angel
  7850 | D:10     | 7850 ||| PLANNING LAIR
  7850 | D:10     | 7850 ||| DROPPING scarf of shadows.
  7851 | D:10     | 7851 ||| DROPPING amulet of magic regeneration.
  7852 | D:10     | 7852 ||| UPGRADING to ring of willpower.
  7854 | D:10     | 7854 ||| READING 11 scrolls of identify.
  7854 | D:10     | 7854 ||| IDENTIFYING viscous cyan potion
  7875 | Lair:1   | Entered Level 1 of the Lair of Beasts
  7893 | Lair:1   | 7893 ||| INVOKING Heroism.
  8091 | Lair:1   | Noticed Grum
  8092 | Lair:1   | 8092 ||| INVOKING Heroism.
  8107 | Lair:1   | Killed Grum
  8250 | Lair:1   | Reached skill level 15 in Ranged Weapons
  8263 | Lair:1   | 8263 ||| INVOKING Heroism.
  8651 | Lair:1   | Noticed Harold
  8652 | Lair:1   | 8652 ||| INVOKING Heroism.
  8653 | Lair:1   | 8653 ||| READING scroll labelled BYF YBBAXAOC.
  8663 | Lair:1   | Killed Harold
  8805 | Lair:1   | 8805 ||| INVOKING Heroism.
  8904 | Lair:1   | 8904 ||| READING scroll of enchant weapon.
  8904 | Lair:1   | 8904 ||| ENCHANTING +2 orcbow.
  8933 | Lair:1   | 8933 ||| INVOKING Heroism.
  9308 | Lair:1   | 9308 ||| UPGRADING to +0 pair of boots.
  9313 | Lair:1   | 9313 ||| READING scroll labelled PYODIT ONITE.
  9314 | Lair:1   | 9314 ||| DRINKING 2 silvery potions.
  9315 | Lair:1   | 9315 ||| READING 11 scrolls of identify.
  9315 | Lair:1   | 9315 ||| IDENTIFYING inky potion
  9316 | Lair:1   | 9316 ||| DROPPING potion of attraction.
  9317 | Lair:1   | 9317 ||| DROPPING potion of brilliance.
  9336 | Lair:2   | 9336 ||| INVOKING Heroism.
  9357 | Lair:2   | 9357 ||| INVOKING Heroism.
  9372 | Lair:2   | Reached **** piety under Okawaru
  9395 | Lair:2   | 9395 ||| INVOKING Heroism.
  9437 | Lair:2   | Noticed Amaemon
  9438 | Lair:2   | 9438 ||| INVOKING Heroism.
  9448 | Lair:2   | Killed Amaemon
  9449 | Lair:2   | Reached skill level 11 in Fighting
  9468 | Lair:2   | HP: 23/102 [poisoned by an orange demon]
  9469 | Lair:2   | 9469 ||| READING 2 scrolls of teleportation.
  9473 | Lair:2   | HP: 15/102 [poisoned by an orange demon]
  9607 | Lair:2   | 9607 ||| INVOKING Heroism.
  9632 | Lair:2   | 9632 ||| INVOKING Heroism.
  9644 | Lair:2   | Reached XP level 12. HP: 75/111 MP: 12/14
  9870 | Lair:2   | Found a runed translucent gate.
  9870 | Lair:2   | Found a runed translucent gate.
  9870 | Lair:2   | Found a runed translucent gate.
  9872 | Lair:2   | Noticed a 13-headed hydra
  9872 | Lair:2   | Noticed qw's ghost (journeyman GrFi)
  9872 | Lair:2   | Noticed a nine-headed hydra
  9886 | Lair:2   | 9886 ||| INVOKING Heroism.
  9903 | Lair:2   | Reached skill level 9 in Dodging
  9907 | Lair:2   | Reached skill level 6 in Invocations
  9938 | Lair:2   | 9938 ||| INVOKING Heroism.
 10077 | Lair:2   | Reached skill level 12 in Fighting
 10138 | Lair:2   | Found a hole to the Spider Nest.
 10309 | Lair:2   | Reached ***** piety under Okawaru
 10428 | Lair:2   | 10428 ||| DROPPING +6 ring of intelligence.
 10429 | Lair:2   | 10429 ||| READING scroll labelled ETRI YRAIF.
 10430 | Lair:2   | 10430 ||| FLEEEEING.
 10431 | Lair:2   | 10431 ||| STAIRDANCE
 10605 | Lair:1   | 10605 ||| READING 11 scrolls of identify.
 10605 | Lair:1   | 10605 ||| IDENTIFYING yellow potion
 10705 | Lair:2   | 10705 ||| INVOKING Heroism.
 10718 | Lair:2   | 10718 ||| FLEEEEING.
 10719 | Lair:2   | 10719 ||| FLEEEEING.
 10936 | Lair:2   | Identified the scarf of the Beggar {rC+ rF+, rN+ Dex+6
                  | SInv} (Okawaru gifted it to you on level 2 of the Lair of
                  | Beasts)
 10936 | Lair:2   | Received a gift from Okawaru
 11051 | Lair:2   | 11051 ||| Stepping ~*~*~tactically~*~*~ (outnumbered).
 11062 | Lair:2   | 11062 ||| INVOKING Heroism.
 11496 | Lair:2   | 11496 ||| UPGRADING to scarf of the Beggar {rC+ rF+, rN+
                  | Dex+6 SInv}.
 11506 | Lair:2   | 11506 ||| DROPPING +1 cloak.
 11507 | Lair:2   | 11507 ||| UPGRADING to +0 ring mail.
 11517 | Lair:2   | 11517 ||| READING scroll labelled ROSHRERE YBRIB.
 11555 | Lair:3   | Noticed a death yak
 11556 | Lair:3   | 11556 ||| INVOKING Heroism.
 11557 | Lair:3   | 11557 ||| INVOKING Finesse.
 11559 | Lair:3   | Noticed a death yak
 11572 | Lair:3   | Killed a death yak
 11578 | Lair:3   | Killed a death yak
 11579 | Lair:3   | Reached skill level 6 in Armour
 11649 | Lair:3   | 11649 ||| INVOKING Heroism.
 11659 | Lair:3   | Reached XP level 13. HP: 110/119 MP: 16/18
 11754 | Lair:3   | 11754 ||| INVOKING Heroism.
 11770 | Lair:3   | HP: 23/119 [four-headed hydra (7)]
 11771 | Lair:3   | 11771 ||| READING 2 scrolls of teleportation.
 11771 | Lair:3   | HP: 1/119 [four-headed hydra (11)]
 11772 | Lair:3   | 11772 ||| DRINKING potion of heal wounds.
 11774 | Lair:3   | Reached skill level 13 in Fighting
 11774 | Lair:3   | Reached skill level 9 in Invocations
 11776 | Lair:3   | 11776 ||| READING scroll of teleportation.
 12191 | Lair:3   | 12191 ||| INVOKING Heroism.
 12653 | Lair:3   | 12653 ||| INVOKING Heroism.
 12870 | Lair:3   | Found a staircase to the Swamp.
 12994 | Lair:3   | 12994 ||| INVOKING Heroism.
 13039 | Lair:3   | 13039 ||| INVOKING Heroism.
 13395 | Lair:3   | 13395 ||| READING scroll labelled OXKANG DOCIRUD.
 13496 | Lair:3   | 13496 ||| READING 11 scrolls of identify.
 13496 | Lair:3   | 13496 ||| IDENTIFYING sapphire potion
 13497 | Lair:3   | 13497 ||| DROPPING potion of lignification.
 13878 | Lair:4   | 13878 ||| READING scroll of brand weapon.
 13878 | Lair:4   | 13878 ||| BRANDING +3 orcbow.
 13905 | Lair:4   | Reached skill level 14 in Fighting
 14096 | Lair:4   | 14096 ||| DROPPING scarf of resistance.
 14111 | Lair:5   | Entered Level 5 of the Lair of Beasts
 14210 | Lair:5   | Identified the +0 buckler of the Thirteen Seers {rC+}
                  | (Okawaru gifted it to you on level 5 of the Lair of Beasts)
 14210 | Lair:5   | Received a gift from Okawaru
 14212 | Lair:5   | 14212 ||| INVOKING Heroism.
 14246 | Lair:5   | 14246 ||| INVOKING Heroism.
 14292 | Lair:5   | 14292 ||| INVOKING Heroism.
 14333 | Lair:5   | 14333 ||| Stepping ~*~*~tactically~*~*~ (outnumbered).
 14350 | Lair:5   | 14350 ||| INVOKING Heroism.
 14374 | Lair:5   | 14374 ||| INVOKING Finesse.
 14379 | Lair:5   | Reached skill level 12 in Dodging
 14487 | Lair:5   | 14487 ||| FLEEEEING.
 14489 | Lair:5   | 14489 ||| FLEEEEING.
 14491 | Lair:5   | 14491 ||| FLEEEEING.
 14495 | Lair:5   | 14495 ||| FLEEEEING.
 14496 | Lair:5   | 14496 ||| FLEEEEING.
 14497 | Lair:5   | 14497 ||| FLEEEEING.
 14498 | Lair:5   | 14498 ||| FLEEEEING.
 14499 | Lair:5   | 14499 ||| FLEEEEING.
 14500 | Lair:5   | 14500 ||| FLEEEEING.
 14503 | Lair:5   | 14503 ||| FLEEEEING.
 14579 | Lair:5   | 14579 ||| INVOKING Heroism.
 14728 | Lair:5   | Found a staircase to the Slime Pits.
 14902 | Lair:5   | 14902 ||| INVOKING Heroism.
 14904 | Lair:5   | 14904 ||| Stepping ~*~*~tactically~*~*~ (cloud).
 14911 | Lair:5   | Reached XP level 14. HP: 132/133 MP: 18/20
 15176 | Lair:5   | 15176 ||| INVOKING Heroism.
 15228 | Lair:5   | 15228 ||| FLEEEEING.
 15316 | Lair:5   | Reached skill level 15 in Fighting
 15374 | Lair:5   | Found a large runed translucent door.
 15376 | Lair:5   | Found a large runed translucent door.
 15730 | Lair:5   | 15730 ||| PLANNING D:1-11
 16276 | D:11     | 16276 ||| Stepping ~*~*~tactically~*~*~ (outnumbered).
 16278 | D:11     | 16278 ||| Stepping ~*~*~tactically~*~*~ (outnumbered).
 16282 | D:11     | 16282 ||| Stepping ~*~*~tactically~*~*~ (outnumbered).
 16486 | D:11     | 16486 ||| INVOKING Heroism.
 16633 | D:11     | 16633 ||| Stepping ~*~*~tactically~*~*~ (outnumbered).
 16641 | D:11     | Reached skill level 16 in Fighting
 16869 | D:11     | Found a hazy altar of Hepliaklqana.
 16874 | D:11     | 16874 ||| PLANNING D
 16874 | D:11     | 16874 ||| UPGRADING to +0 troll leather armour.
 16884 | D:11     | 16884 ||| DROPPING +0 ring mail.
 16885 | D:11     | 16885 ||| DROPPING +0 robe of fire resistance.
 16962 | D:12     | 16962 ||| READING scroll of acquirement.
 16962 | D:12     | 16962 ||| ACQUIRING +7 longbow
 16962 | D:12     | Acquired a +7 longbow
 16964 | D:12     | 16964 ||| SWAPPING to +7 longbow.
 16965 | D:12     | 16965 ||| DROPPING +3 orcbow of draining.
 17113 | D:12     | Found a staircase to the Orcish Mines.
 17259 | D:12     | Found a runed translucent door.
 17259 | D:12     | Noticed Yklotitu's ghost (journeyman CeHu)
 17279 | D:12     | 17279 ||| INVOKING Heroism.
 17610 | D:12     | 17610 ||| READING 13 scrolls of identify.
 17610 | D:12     | 17610 ||| IDENTIFYING coppery potion
 17611 | D:12     | 17611 ||| DRINKING potion of experience.
 17611 | D:12     | Reached XP level 15. HP: 144/144 MP: 21/21
 17635 | D:13     | 17635 ||| PLANNING GAUNTLET
 17656 | D:13     | 17656 ||| Stepping ~*~*~tactically~*~*~ (outnumbered).
 17658 | D:13     | 17658 ||| Stepping ~*~*~tactically~*~*~ (outnumbered).
 17660 | D:13     | 17660 ||| Stepping ~*~*~tactically~*~*~ (outnumbered).
 17672 | D:13     | Reached skill level 18 in Ranged Weapons
 17689 | D:13     | Found a gate leading to a gauntlet.
 17699 | Gauntlet | Entered a Gauntlet
 17699 | Gauntlet | Found a transporter.
 17699 | Gauntlet | Found a transporter.
 17716 | Gauntlet | Found a transporter.
 17721 | Gauntlet | Found a runed translucent door.
 17730 | Gauntlet | Found a transporter.
 17730 | Gauntlet | Found a transporter.
 17730 | Gauntlet | Found a transporter.
 17732 | Gauntlet | Found a transporter.
 17732 | Gauntlet | Found a transporter.
 17744 | Gauntlet | Found a transporter.
 17760 | Gauntlet | Found a transporter.
 17770 | Gauntlet | Found a transporter.
 17784 | Gauntlet | Found a transporter.
 17804 | Gauntlet | Found a transporter.
 17817 | Gauntlet | Found a transporter.
 17847 | Gauntlet | Identified the +2 pair of boots of Maotila {Regen+ rCorr
                  | Slay+2}
 17849 | Gauntlet | 17849 ||| UPGRADING to +2 pair of boots of Maotila {Regen+
                  | rCorr Slay+2}.
 17859 | Gauntlet | 17859 ||| DROPPING +0 pair of boots.
 17864 | Gauntlet | 17864 ||| INVOKING Heroism.
 17888 | Gauntlet | 17888 ||| UPGRADING to +1 hat.
 17920 | Gauntlet | 17920 ||| INVOKING Heroism.
 17960 | Gauntlet | Identified the +4 shortbow of Arhed {freeze, Dex+3}
 17964 | Gauntlet | Identified the ring "Ginit" {rF+ Will+ MP+9 Int-2}
 17982 | Gauntlet | 17982 ||| INVOKING Heroism.
 18017 | Gauntlet | Identified the +0 war axe "Tunaxaq" {drain, Will+ Int+2}
 18017 | Gauntlet | Identified the +7 mace "Cudifaar" {venom, rCorr}
 18019 | Gauntlet | 18019 ||| READING scroll of enchant armour.
 18019 | Gauntlet | 18019 ||| ENCHANTING +1 hat.
 18060 | D:13     | 18060 ||| PLANNING D
 18296 | D:13     | 18296 ||| Stepping ~*~*~tactically~*~*~ (outnumbered).
 18743 | D:13     | 18743 ||| DROPPING +2 hat.
 18768 | D:14     | 18768 ||| Stepping ~*~*~tactically~*~*~ (outnumbered).
 18771 | D:14     | 18771 ||| INVOKING Heroism.
 18772 | D:14     | 18772 ||| INVOKING Finesse.
 18875 | D:14     | You fall into a shaft and drop 1 floor!
 18875 | D:15     | Entered Level 15 of the Dungeon
 18879 | D:15     | 18879 ||| UPGRADING to amulet of faith.
 18889 | D:15     | 18889 ||| DROPPING ring of flight.
 18979 | D:14     | 18979 ||| FLEEEEING.
 19052 | D:14     | 19052 ||| INVOKING Heroism.
 19053 | D:14     | 19053 ||| INVOKING Finesse.
 19134 | D:14     | 19134 ||| INVOKING Heroism.
 19153 | D:14     | Found a gate to the Vaults.
 19372 | D:14     | Found Xezogaeps's Antique Weapon Boutique.
 19714 | D:14     | 19714 ||| DROPPING ring of resist corrosion.
 19872 | D:15     | 19872 ||| Stepping ~*~*~tactically~*~*~ (outnumbered).
 19873 | D:15     | 19873 ||| Stepping ~*~*~tactically~*~*~ (outnumbered).
 19877 | D:15     | 19877 ||| Stepping ~*~*~tactically~*~*~ (outnumbered).
 19881 | D:15     | 19881 ||| INVOKING Heroism.
 19905 | D:15     | Reached XP level 16. HP: 113/151 MP: 22/22
 19917 | D:15     | 19917 ||| FLEEEEING.
 19918 | D:15     | 19918 ||| INVOKING Heroism.
 19967 | D:15     | 19967 ||| INVOKING Finesse.
 20012 | D:15     | Found a staircase to the Depths.
 20049 | D:15     | 20049 ||| Stepping ~*~*~tactically~*~*~ (outnumbered).
 20056 | D:15     | 20056 ||| Stepping ~*~*~tactically~*~*~ (outnumbered).
 20072 | D:15     | 20072 ||| FLEEEEING.
 20073 | D:15     | 20073 ||| FLEEEEING.
 20074 | D:15     | 20074 ||| FLEEEEING.
 20406 | D:15     | Noticed Josephine
 20411 | D:15     | Killed Josephine
 20558 | D:15     | 20558 ||| PLANNING ORC
 20648 | Orc:1    | Entered Level 1 of the Orcish Mines
 20648 | Orc:1    | Noticed Fannar
 20662 | Orc:1    | Killed Fannar
 20674 | Orc:1    | 20674 ||| FLEEEEING.
 20676 | Orc:1    | 20676 ||| STAIRDANCE
 20919 | Orc:1    | Received a gift from Okawaru
 21005 | Orc:1    | 21005 ||| INVOKING Heroism.
 21041 | Orc:1    | Found a runed translucent door.
 21048 | Orc:1    | Found a frozen archway.
 21218 | Orc:1    | Noticed tatocazan's ghost (journeyman MiFi)
 21238 | Orc:2    | Entered Level 2 of the Orcish Mines
 21239 | Orc:2    | 21239 ||| INVOKING Heroism.
 21326 | Orc:2    | 21326 ||| INVOKING Heroism.
 21357 | Orc:2    | Reached skill level 15 in Dodging
 21369 | Orc:2    | 21369 ||| Stepping ~*~*~tactically~*~*~ (outnumbered).
 21455 | Orc:2    | Found a staircase to the Elven Halls.
 21586 | Orc:2    | Found Tuqaemenocs's Weapon Boutique.
 21586 | Orc:2    | Found Jaucuu's Weapon Shop.
 21589 | Orc:2    | Found Jogumooz's General Store.
 21593 | Orc:2    | Found Yschilur's General Store.
 21597 | Orc:2    | 21597 ||| BUYING potion of heal wounds (85 gold).
 21597 | Orc:2    | Bought a potion of heal wounds for 85 gold pieces
 21598 | Orc:2    | 21598 ||| BUYING scroll of teleportation (54 gold).
 21598 | Orc:2    | Bought a scroll of teleportation for 54 gold pieces
 21599 | Orc:2    | 21599 ||| BUYING +0 orcbow of flaming (132 gold).
 21599 | Orc:2    | Bought a +0 orcbow of flaming for 132 gold pieces
 21663 | Orc:2    | 21663 ||| INVOKING Heroism.
 21665 | Orc:2    | 21665 ||| Stepping ~*~*~tactically~*~*~ (outnumbered).
 21665 | Orc:2    | Found Qish's Jewellery Boutique.
 21669 | Orc:2    | 21669 ||| Stepping ~*~*~tactically~*~*~ (outnumbered).
 21697 | Orc:2    | 21697 ||| BUYING +4 ring of protection (396 gold).
 21697 | Orc:2    | Bought a +4 ring of protection for 396 gold pieces
 21697 | Orc:2    | 21697 ||| BUYING +6 ring of dexterity (396 gold).
 21697 | Orc:2    | Bought a +6 ring of dexterity for 396 gold pieces
 21697 | Orc:2    | 21697 ||| BUYING +6 ring of dexterity (396 gold).
 21697 | Orc:2    | Bought a +6 ring of dexterity for 396 gold pieces
 21697 | Orc:2    | 21697 ||| SHOPLISTING amulet of Vitality {RegenMP++
                  | Regen++} (1100 gold, have 358).
 21779 | Orc:2    | Noticed Jorgrun
 21780 | Orc:2    | 21780 ||| INVOKING Heroism.
 21793 | Orc:2    | Killed Jorgrun
 21872 | Orc:2    | 21872 ||| INVOKING Heroism.
 22111 | Orc:2    | 22111 ||| PLANNING SPIDER:1-3
 22111 | Orc:2    | 22111 ||| DROPPING +6 ring of strength.
 22112 | Orc:2    | 22112 ||| DROPPING ring of ice.
 22113 | Orc:2    | 22113 ||| UPGRADING to +4 ring of protection.
 22115 | Orc:2    | 22115 ||| UPGRADING to +6 ring of dexterity.
 22117 | Orc:2    | 22117 ||| DROPPING ring of willpower.
 22118 | Orc:2    | 22118 ||| UPGRADING to +6 ring of dexterity.
 22120 | Orc:2    | 22120 ||| DROPPING +4 ring of protection.
 22121 | Orc:2    | 22121 ||| DROPPING +5 ring of evasion.
 22299 | Spider:1 | Entered Level 1 of the Spider Nest
 22307 | Spider:1 | 22307 ||| STAIRDANCE
 22379 | Spider:1 | 22379 ||| STAIRDANCE
 22456 | Spider:1 | 22456 ||| Stepping ~*~*~tactically~*~*~ (outnumbered).
 22608 | Spider:1 | 22608 ||| INVOKING Finesse.
 22660 | Spider:1 | 22660 ||| READING scroll of brand weapon.
 22660 | Spider:1 | 22660 ||| BRANDING +7 longbow.
 22696 | Spider:1 | 22696 ||| INVOKING Finesse.
 22743 | Spider:1 | 22743 ||| READING scroll of brand weapon.
 22743 | Spider:1 | 22743 ||| BRANDING +7 longbow of draining.
 22744 | Spider:1 | 22744 ||| DROPPING +0 orcbow of flaming.
 22894 | Spider:1 | 22894 ||| INVOKING Heroism.
 22896 | Spider:1 | 22896 ||| INVOKING Finesse.
 23042 | Spider:1 | 23042 ||| INVOKING Finesse.
 23283 | Spider:2 | 23283 ||| INVOKING Finesse.
 23410 | Spider:2 | 23410 ||| INVOKING Heroism.
 23467 | Spider:2 | Reached XP level 17. HP: 160/160 MP: 23/23
 23485 | Spider:2 | 23485 ||| INVOKING Finesse.
 23487 | Spider:2 | 23487 ||| Stepping ~*~*~tactically~*~*~ (outnumbered).
 23631 | Spider:2 | Reached skill level 18 in Dodging
 23637 | Spider:2 | 23637 ||| INVOKING Heroism.
 23651 | Spider:2 | Reached skill level 17 in Fighting
 24019 | Spider:3 | 24019 ||| INVOKING Heroism.
 24039 | Spider:3 | 24039 ||| DRINKING potion of resistance.
 24099 | Spider:3 | 24099 ||| Stepping ~*~*~tactically~*~*~ (outnumbered).
 24101 | Spider:3 | 24101 ||| Stepping ~*~*~tactically~*~*~ (outnumbered).
 24103 | Spider:3 | 24103 ||| Stepping ~*~*~tactically~*~*~ (outnumbered).
 24198 | Spider:3 | Identified the +8 dagger of Oleih {protect, rElec}
 24277 | Spider:3 | Identified the +1 hat of Beyond {Harm rElec Slay-2 Stlth+}
                  | (Okawaru gifted it to you on level 3 of the Spider Nest)
 24277 | Spider:3 | Received a gift from Okawaru
 24466 | Spider:3 | 24466 ||| PLANNING SWAMP:1-3
 24466 | Spider:3 | 24466 ||| DROPPING +1 hat of Beyond {Harm rElec Slay-2
                  | Stlth+}.
 24467 | Spider:3 | 24467 ||| READING 15 scrolls of identify.
 24467 | Spider:3 | 24467 ||| IDENTIFYING smoky white potion
 24612 | Swamp:1  | Entered Level 1 of the Swamp
 24621 | Swamp:1  | 24621 ||| INVOKING Heroism.
 24694 | Swamp:1  | 24694 ||| Stepping ~*~*~tactically~*~*~ (water).
 24721 | Swamp:1  | Noticed Donald
 24722 | Swamp:1  | 24722 ||| INVOKING Heroism.
 24723 | Swamp:1  | 24723 ||| INVOKING Finesse.
 24731 | Swamp:1  | Killed Donald
 24998 | Swamp:1  | Noticed a tentacled monstrosity
 25000 | Swamp:1  | 25000 ||| INVOKING Heroism.
 25001 | Swamp:1  | 25001 ||| INVOKING Finesse.
 25010 | Swamp:1  | Killed a tentacled monstrosity
 25141 | Swamp:1  | 25141 ||| UPGRADING to +0 swamp dragon scales.
 25151 | Swamp:1  | 25151 ||| READING scroll of enchant armour.
 25151 | Swamp:1  | 25151 ||| ENCHANTING +0 swamp dragon scales.
 25186 | Swamp:2  | 25186 ||| INVOKING Heroism.
 25307 | Swamp:2  | 25307 ||| INVOKING Heroism.
 25354 | Swamp:2  | Reached skill level 9 in Armour
 25359 | Swamp:2  | 25359 ||| INVOKING Heroism.
 25360 | Swamp:2  | 25360 ||| Stepping ~*~*~tactically~*~*~ (outnumbered).
 25387 | Swamp:2  | HP: 36/161 [spriggan rider/+0 spear (15)]
 25388 | Swamp:2  | 25388 ||| READING 8 scrolls of teleportation.
 25389 | Swamp:2  | 25389 ||| DRINKING 5 potions of heal wounds.
 25390 | Swamp:2  | 25390 ||| INVOKING Heroism.
 25597 | Swamp:2  | 25597 ||| INVOKING Heroism.
 25622 | Swamp:2  | Identified the ring of Okuowe Bastro {rF+ Str+6 Dex+3}
 25871 | Swamp:3  | 25871 ||| INVOKING Heroism.
 25969 | Swamp:3  | Received a gift from Okawaru
 25970 | Swamp:3  | 25970 ||| Stepping ~*~*~tactically~*~*~ (cloud).
 26024 | Swamp:3  | 26024 ||| READING scroll of enchant armour.
 26024 | Swamp:3  | 26024 ||| ENCHANTING +1 swamp dragon scales.
 26186 | Swamp:3  | Found a radiant altar of Vehumet.
 26280 | Swamp:3  | 26280 ||| INVOKING Heroism.
 26623 | Swamp:3  | 26623 ||| PLANNING SPIDER:4
 26803 | Spider:4 | Entered Level 4 of the Spider Nest
 26818 | Spider:4 | 26818 ||| INVOKING Heroism.
 26945 | Spider:4 | Identified the +1 robe "Beqoge Ogehi" {rElec rF+ rCorr}
 26948 | Spider:4 | Identified Roxanne's Anthology of Shapeshifting
 26948 | Spider:4 | Noticed Roxanne
 26949 | Spider:4 | 26949 ||| INVOKING Heroism.
 26965 | Spider:4 | Reached skill level 18 in Fighting
 26974 | Spider:4 | Killed Roxanne
 27230 | Spider:4 | Reached skill level 12 in Armour
 27357 | Spider:4 | 27357 ||| INVOKING Heroism.
 27504 | Spider:4 | 27504 ||| INVOKING Finesse.
 27505 | Spider:4 | 27505 ||| INVOKING Heroism.
 27517 | Spider:4 | 27517 ||| Stepping ~*~*~tactically~*~*~ (outnumbered).
 27539 | Spider:4 | Reached XP level 18. HP: 126/173 MP: 18/24
 27578 | Spider:4 | Received a gift from Okawaru
 27579 | Spider:4 | Reached skill level 19 in Fighting
 27625 | Spider:4 | 27625 ||| INVOKING Heroism.
 27654 | Spider:4 | 27654 ||| INVOKING Finesse.
 27689 | Spider:4 | 27689 ||| INVOKING Heroism.
 27720 | Spider:4 | 27720 ||| INVOKING Heroism.
 27791 | Spider:4 | Identified the scarf of Oily Liberty {+Inv, rF+}
 27852 | Spider:4 | Got a gossamer rune of Zot
 27853 | Spider:4 | 27853 ||| PLANNING VAULTS:1-4
 27853 | Spider:4 | 27853 ||| DROPPING +2 animal skin.
 27854 | Spider:4 | 27854 ||| DROPPING scarf of Oily Liberty {+Inv, rF+}.
 27855 | Spider:4 | 27855 ||| DROPPING scarf of resistance.
 28135 | Vaults:1 | Entered Level 1 of the Vaults
 28159 | Vaults:1 | Identified the +8 quarterstaff of War {heavy, rF+ Str-4
                  | Dex+3 SInv}
 28177 | Vaults:1 | 28177 ||| FLEEEEING.
 28178 | Vaults:1 | 28178 ||| FLEEEEING.
 28179 | Vaults:1 | 28179 ||| FLEEEEING.
 28181 | Vaults:1 | 28181 ||| FLEEEEING.
 28182 | Vaults:1 | 28182 ||| FLEEEEING.
 28183 | Vaults:1 | 28183 ||| FLEEEEING.
 28186 | Vaults:1 | 28186 ||| Stepping ~*~*~tactically~*~*~ (outnumbered).
 28199 | Vaults:1 | 28199 ||| Stepping ~*~*~tactically~*~*~ (outnumbered).
 28224 | Vaults:1 | 28224 ||| INVOKING Heroism.
 28413 | Vaults:1 | 28413 ||| INVOKING Heroism.
 28432 | Vaults:1 | Identified the +6 scale mail "Cugith" {Int+3}
 28513 | Vaults:1 | Found a large runed translucent door.
 28516 | Vaults:1 | Found a large runed translucent door.
 28517 | Vaults:1 | Found a large runed translucent door.
 28518 | Vaults:1 | Found a large runed translucent door.
 28518 | Vaults:1 | Noticed Forgeling's ghost (adept FeEn)
 28519 | Vaults:1 | Found a large runed translucent door.
 28519 | Vaults:1 | Found a large runed translucent door.
 28519 | Vaults:1 | Found a large runed translucent door.
 28519 | Vaults:1 | Found a large runed translucent door.
 28581 | Vaults:1 | 28581 ||| INVOKING Heroism.
 28608 | Vaults:1 | 28608 ||| Stepping ~*~*~tactically~*~*~ (outnumbered).
 28610 | Vaults:1 | 28610 ||| Stepping ~*~*~tactically~*~*~ (outnumbered).
 28617 | Vaults:1 | 28617 ||| INVOKING Finesse.
 28622 | Vaults:1 | Reached skill level 20 in Fighting
 28622 | Vaults:1 | 28622 ||| INVOKING Heroism.
 28630 | Vaults:1 | 28630 ||| Stepping ~*~*~tactically~*~*~ (outnumbered).
 28656 | Vaults:1 | 28656 ||| Stepping ~*~*~tactically~*~*~ (outnumbered).
 28659 | Vaults:1 | 28659 ||| Stepping ~*~*~tactically~*~*~ (outnumbered).
 28661 | Vaults:1 | 28661 ||| Stepping ~*~*~tactically~*~*~ (outnumbered).
 28670 | Vaults:1 | 28670 ||| Stepping ~*~*~tactically~*~*~ (outnumbered).
 28712 | Vaults:1 | 28712 ||| INVOKING Heroism.
 29259 | Vaults:1 | 29259 ||| Stepping ~*~*~tactically~*~*~ (outnumbered).
 29260 | Vaults:1 | 29260 ||| Stepping ~*~*~tactically~*~*~ (outnumbered).
 29264 | Vaults:1 | 29264 ||| INVOKING Heroism.
 29423 | Vaults:1 | Found Eriakiw's Assorted Antiques.
 29428 | Vaults:1 | 29428 ||| BUYING potion of heal wounds (170 gold).
 29428 | Vaults:1 | Bought a potion of heal wounds for 170 gold pieces
 29428 | Vaults:1 | 29428 ||| BUYING scroll of enchant armour (255 gold).
 29428 | Vaults:1 | Bought a scroll of enchant armour for 255 gold pieces
 29428 | Vaults:1 | 29428 ||| READING scroll of enchant armour.
 29428 | Vaults:1 | 29428 ||| ENCHANTING +2 swamp dragon scales.
 29472 | Vaults:1 | Found Lowninej's Armour Shop.
 29497 | Vaults:1 | 29497 ||| SHOPLISTING quicksilver dragon scales (1020 gold,
                  | have 811).
 29501 | Vaults:1 | 29501 ||| INVOKING Heroism.
 29502 | Vaults:1 | 29502 ||| Stepping ~*~*~tactically~*~*~ (outnumbered).
 29506 | Vaults:1 | 29506 ||| INVOKING Finesse.
 29516 | Vaults:1 | 29516 ||| Stepping ~*~*~tactically~*~*~ (outnumbered).
 29574 | Vaults:1 | 29574 ||| READING scroll of brand weapon.
 29574 | Vaults:1 | 29574 ||| BRANDING +7 longbow of flaming.
 29705 | Vaults:1 | 29705 ||| DROPPING +0 troll leather armour.
 29796 | Vaults:2 | Reached skill level 21 in Dodging
 30029 | Vaults:2 | Reached XP level 19. HP: 187/187 MP: 25/25
 30075 | Vaults:2 | 30075 ||| Stepping ~*~*~tactically~*~*~ (outnumbered).
 30076 | Vaults:2 | 30076 ||| Stepping ~*~*~tactically~*~*~ (outnumbered).
 30089 | Vaults:2 | 30089 ||| INVOKING Heroism.
 30095 | Vaults:2 | 30095 ||| FLEEEEING.
 30096 | Vaults:2 | 30096 ||| FLEEEEING.
 30097 | Vaults:2 | 30097 ||| FLEEEEING.
 30098 | Vaults:2 | 30098 ||| FLEEEEING.
 30099 | Vaults:2 | 30099 ||| FLEEEEING.
 30182 | Vaults:2 | 30182 ||| Stepping ~*~*~tactically~*~*~ (outnumbered).
 30187 | Vaults:2 | Reached skill level 21 in Fighting
 30188 | Vaults:2 | 30188 ||| Stepping ~*~*~tactically~*~*~ (outnumbered).
 30189 | Vaults:2 | 30189 ||| Stepping ~*~*~tactically~*~*~ (outnumbered).
 30200 | Vaults:2 | 30200 ||| FLEEEEING.
 30201 | Vaults:2 | 30201 ||| FLEEEEING.
 30202 | Vaults:2 | 30202 ||| FLEEEEING.
 30203 | Vaults:2 | 30203 ||| FLEEEEING.
 30212 | Vaults:2 | 30212 ||| INVOKING Heroism.
 30434 | Vaults:2 | Found a runed translucent door.
 30436 | Vaults:2 | Noticed qw's ghost (adept MiHu)
 30493 | Vaults:2 | Noticed Xtahua
 30494 | Vaults:2 | 30494 ||| INVOKING Heroism.
 30495 | Vaults:2 | 30495 ||| INVOKING Finesse.
 30500 | Vaults:2 | Killed Xtahua
 30707 | Vaults:2 | 30707 ||| Stepping ~*~*~tactically~*~*~ (outnumbered).
 30708 | Vaults:2 | 30708 ||| Stepping ~*~*~tactically~*~*~ (outnumbered).
 30711 | Vaults:2 | 30711 ||| Stepping ~*~*~tactically~*~*~ (outnumbered).
 30712 | Vaults:2 | 30712 ||| Stepping ~*~*~tactically~*~*~ (outnumbered).
 30977 | Vaults:2 | 30977 ||| FLEEEEING.
 30979 | Vaults:2 | 30979 ||| FLEEEEING.
 30980 | Vaults:2 | 30980 ||| FLEEEEING.
 30981 | Vaults:2 | 30981 ||| FLEEEEING.
 30982 | Vaults:2 | 30982 ||| FLEEEEING.
 30988 | Vaults:2 | 30988 ||| FLEEEEING.
 30989 | Vaults:2 | 30989 ||| FLEEEEING.
 30990 | Vaults:2 | 30990 ||| FLEEEEING.
 30991 | Vaults:2 | 30991 ||| FLEEEEING.
 30992 | Vaults:2 | 30992 ||| FLEEEEING.
 30993 | Vaults:2 | 30993 ||| FLEEEEING.
 31140 | Vaults:2 | Received a gift from Okawaru
 31319 | Vaults:3 | 31319 ||| INVOKING Heroism.
 31320 | Vaults:3 | 31320 ||| INVOKING Finesse.
 31404 | Vaults:3 | Found a staircase to the Crypt.
 31468 | Vaults:3 | Paralysed by a great orb of eyes for 4 turns
 31476 | Vaults:3 | 31476 ||| Stepping ~*~*~tactically~*~*~ (outnumbered).
 31477 | Vaults:3 | 31477 ||| Stepping ~*~*~tactically~*~*~ (outnumbered).
 31481 | Vaults:3 | 31481 ||| Stepping ~*~*~tactically~*~*~ (outnumbered).
 31483 | Vaults:3 | 31483 ||| INVOKING Heroism.
 31508 | Vaults:3 | 31508 ||| INVOKING Heroism.
 31623 | Vaults:3 | Found Ugiux's Jewellery Shoppe.
 31631 | Vaults:3 | 31631 ||| BUYING amulet of regeneration (510 gold).
 31631 | Vaults:3 | Bought an amulet of regeneration for 510 gold pieces
 31631 | Vaults:3 | 31631 ||| SHOPLISTING amulet of the Sun {-Cast Harm Rampage
                  | Regen+ Str+4} (652 gold, have 514).
 31631 | Vaults:3 | 31631 ||| SHOPLISTING ring of the Water Diviner {Fly rElec
                  | rPois Will+ Int-3} (595 gold, have 514).
 31733 | Vaults:3 | 31733 ||| INVOKING Heroism.
 31839 | Vaults:3 | 31839 ||| FLEEEEING.
 31840 | Vaults:3 | 31840 ||| FLEEEEING.
 31846 | Vaults:3 | 31846 ||| STAIRDANCE
 32010 | Vaults:2 | 32010 ||| DROPPING amulet of the acrobat.
 32011 | Vaults:2 | 32011 ||| DROPPING ring of positive energy.
 32138 | Vaults:3 | 32138 ||| Stepping ~*~*~tactically~*~*~ (outnumbered).
 32140 | Vaults:3 | 32140 ||| Stepping ~*~*~tactically~*~*~ (outnumbered).
 32143 | Vaults:3 | 32143 ||| Stepping ~*~*~tactically~*~*~ (outnumbered).
 32541 | Vaults:3 | 32541 ||| Stepping ~*~*~tactically~*~*~ (outnumbered).
 32653 | Vaults:3 | Found a large runed translucent door.
 32653 | Vaults:3 | Found a large runed translucent door.
 32653 | Vaults:3 | Noticed qw's ghost (adept MiHu)
 32653 | Vaults:3 | Noticed Adoajy's ghost (adept DsWr)
 32656 | Vaults:3 | 32656 ||| DROPPING +0 robe of positive energy.
 32670 | Vaults:3 | 32670 ||| FLEEEEING.
 32671 | Vaults:3 | 32671 ||| FLEEEEING.
 32672 | Vaults:3 | 32672 ||| FLEEEEING.
 32673 | Vaults:3 | 32673 ||| FLEEEEING.
 32674 | Vaults:3 | 32674 ||| FLEEEEING.
 32675 | Vaults:3 | 32675 ||| FLEEEEING.
 32676 | Vaults:3 | 32676 ||| FLEEEEING.
 32677 | Vaults:3 | 32677 ||| FLEEEEING.
 32678 | Vaults:3 | 32678 ||| FLEEEEING.
 32679 | Vaults:3 | 32679 ||| FLEEEEING.
 32680 | Vaults:3 | 32680 ||| FLEEEEING.
 32681 | Vaults:3 | 32681 ||| FLEEEEING.
 32683 | Vaults:3 | 32683 ||| FLEEEEING.
 32684 | Vaults:3 | 32684 ||| FLEEEEING.
 32685 | Vaults:3 | 32685 ||| FLEEEEING.
 32686 | Vaults:3 | 32686 ||| FLEEEEING.
 32687 | Vaults:3 | 32687 ||| FLEEEEING.
 32688 | Vaults:3 | 32688 ||| FLEEEEING.
 32689 | Vaults:3 | 32689 ||| FLEEEEING.
 32690 | Vaults:3 | 32690 ||| FLEEEEING.
 32691 | Vaults:3 | 32691 ||| FLEEEEING.
 32692 | Vaults:3 | 32692 ||| STAIRDANCE
 32946 | Vaults:4 | 32946 ||| INVOKING Heroism.
 32947 | Vaults:4 | 32947 ||| INVOKING Finesse.
 32948 | Vaults:4 | 32948 ||| Stepping ~*~*~tactically~*~*~ (outnumbered).
 33073 | Vaults:4 | 33073 ||| Stepping ~*~*~tactically~*~*~ (outnumbered).
 33074 | Vaults:4 | 33074 ||| Stepping ~*~*~tactically~*~*~ (outnumbered).
 33078 | Vaults:4 | 33078 ||| Stepping ~*~*~tactically~*~*~ (outnumbered).
 33103 | Vaults:4 | Noticed Saint Roka
 33104 | Vaults:4 | 33104 ||| INVOKING Heroism.
 33105 | Vaults:4 | 33105 ||| Stepping ~*~*~tactically~*~*~ (outnumbered).
 33116 | Vaults:4 | Killed Saint Roka
 33331 | Vaults:4 | Noticed Boris
 33332 | Vaults:4 | 33332 ||| INVOKING Heroism.
 33342 | Vaults:4 | Reached skill level 22 in Fighting
 33342 | Vaults:4 | 33342 ||| INVOKING Finesse.
 33353 | Vaults:4 | Killed Boris
 33434 | Vaults:4 | 33434 ||| INVOKING Heroism.
 33435 | Vaults:4 | 33435 ||| DRINKING 15 potions of curing.
 33435 | Vaults:4 | 33435 ||| (to cure confusion)
 33446 | Vaults:4 | Reached skill level 15 in Armour
 33523 | Vaults:4 | Noticed Bai Suzhen
 33524 | Vaults:4 | 33524 ||| INVOKING Heroism.
 33525 | Vaults:4 | 33525 ||| INVOKING Finesse.
 33539 | Vaults:4 | Killed Bai Suzhen
 33540 | Vaults:4 | 33540 ||| Stepping ~*~*~tactically~*~*~ (cloud).
 33602 | Vaults:4 | 33602 ||| Stepping ~*~*~tactically~*~*~ (outnumbered).
 33604 | Vaults:4 | 33604 ||| Stepping ~*~*~tactically~*~*~ (outnumbered).
 33707 | Vaults:4 | 33707 ||| DRINKING potion of resistance.
 33968 | Vaults:4 | 33968 ||| PLANNING SWAMP:4
 34434 | Swamp:4  | Entered Level 4 of the Swamp
 34438 | Swamp:4  | Reached XP level 20. HP: 202/202 MP: 26/26
 34477 | Swamp:4  | 34477 ||| Stepping ~*~*~tactically~*~*~ (water).
 34478 | Swamp:4  | Noticed the 27-headed Lernaean hydra
 34489 | Swamp:4  | Identified the +0 pair of gloves of Ygapouj {Fly rF- MP+9
                  | Stlth-} (Okawaru gifted it to you on level 4 of the Swamp)
 34489 | Swamp:4  | Received a gift from Okawaru
 34493 | Swamp:4  | 34493 ||| INVOKING Heroism.
 34500 | Swamp:4  | HP: 46/202 [five-headed hydra (5)]
 34501 | Swamp:4  | 34501 ||| READING 10 scrolls of teleportation.
 34502 | Swamp:4  | 34502 ||| DRINKING 6 potions of heal wounds.
 34503 | Swamp:4  | Killed the 27-headed Lernaean hydra
 34504 | Swamp:4  | Reached skill level 23 in Fighting
 34505 | Swamp:4  | 34505 ||| DRINKING 5 potions of heal wounds.
 34506 | Swamp:4  | 34506 ||| READING 9 scrolls of teleportation.
 34507 | Swamp:4  | 34507 ||| DRINKING 4 potions of heal wounds.
 34512 | Swamp:4  | 34512 ||| Stepping ~*~*~tactically~*~*~ (water).
 34554 | Swamp:4  | 34554 ||| INVOKING Heroism.
 34834 | Swamp:4  | Got a decaying rune of Zot
 35212 | Swamp:4  | 35212 ||| PLANNING DEPTHS
 35212 | Swamp:4  | 35212 ||| DROPPING +1 hat.
 35535 | Depths:1 | Entered Level 1 of the Depths
 35547 | Depths:1 | Found a gateway to Hell.
 35913 | Depths:1 | 35913 ||| INVOKING Heroism.
 35914 | Depths:1 | 35914 ||| INVOKING Finesse.
 36023 | Depths:1 | You fall into a shaft and drop 1 floor!
 36024 | Depths:2 | 36024 ||| INVOKING Heroism.
 36025 | Depths:2 | 36025 ||| INVOKING Finesse.
 36034 | Depths:2 | Reached skill level 24 in Fighting
 36097 | Depths:2 | 36097 ||| INVOKING Heroism.
 36098 | Depths:2 | 36098 ||| INVOKING Finesse.
 36259 | Depths:2 | Identified the +3 ring mail of Conscience {Harm Int+5 Dex-2
                  | Stlth+} (Okawaru gifted it to you on level 2 of the Depths)
 36259 | Depths:2 | Received a gift from Okawaru
 36285 | Depths:2 | Found a one-way gate leading to the halls of Pandemonium.
 36304 | Depths:2 | 36304 ||| INVOKING Heroism.
 36305 | Depths:2 | 36305 ||| INVOKING Finesse.
 36306 | Depths:2 | 36306 ||| Stepping ~*~*~tactically~*~*~ (outnumbered).
 36307 | Depths:2 | 36307 ||| Stepping ~*~*~tactically~*~*~ (outnumbered).
 36308 | Depths:2 | 36308 ||| Stepping ~*~*~tactically~*~*~ (outnumbered).
 36372 | Depths:2 | 36372 ||| READING scroll of enchant weapon.
 36372 | Depths:2 | 36372 ||| ENCHANTING +7 longbow of draining.
 36408 | Depths:2 | 36408 ||| Stepping ~*~*~tactically~*~*~ (outnumbered).
 36410 | Depths:2 | 36410 ||| Stepping ~*~*~tactically~*~*~ (outnumbered).
 36420 | Depths:2 | 36420 ||| DROPPING +1 robe "Beqoge Ogehi" {rElec rF+
                  | rCorr}.
 36421 | Depths:2 | 36421 ||| DROPPING +1 ring mail of fire resistance.
 36422 | Depths:2 | 36422 ||| DROPPING +2 robe of resistance.
 36423 | Depths:2 | 36423 ||| DROPPING +2 ring mail of fire resistance.
 36424 | Depths:2 | 36424 ||| DROPPING +0 cloak of poison resistance.
 36425 | Depths:2 | 36425 ||| DROPPING +3 ring mail of Conscience {Harm Int+5
                  | Dex-2 Stlth+}.
 36426 | Depths:2 | 36426 ||| DROPPING +1 robe of willpower.
 36427 | Depths:2 | 36427 ||| DROPPING ring of protection from fire.
 36555 | Depths:1 | Found a one-way gate to the infinite horrors of the Abyss.
 36576 | Depths:1 | Reached skill level 25 in Fighting
 36763 | Depths:2 | 36763 ||| READING scroll of acquirement.
 36763 | Depths:2 | 36763 ||| ACQUIRING 998 gold pieces
 36763 | Depths:2 | Acquired 998 gold pieces
 36864 | Depths:2 | 36864 ||| Stepping ~*~*~tactically~*~*~ (outnumbered).
 36865 | Depths:2 | 36865 ||| Stepping ~*~*~tactically~*~*~ (outnumbered).
 36866 | Depths:2 | 36866 ||| Stepping ~*~*~tactically~*~*~ (outnumbered).
 36885 | Depths:2 | Found a runed translucent gate.
 36886 | Depths:2 | Found a runed translucent gate.
 36887 | Depths:2 | Found a runed translucent gate.
 36899 | Depths:2 | Noticed a dread lich
 36900 | Depths:2 | Noticed qw's ghost (veteran GrFi)
 36900 | Depths:2 | Noticed an ancient lich
 36921 | Depths:2 | 36921 ||| INVOKING Finesse.
 37017 | Depths:2 | 37017 ||| INVOKING Heroism.
 37018 | Depths:2 | 37018 ||| INVOKING Finesse.
 37163 | Depths:3 | 37163 ||| Stepping ~*~*~tactically~*~*~ (outnumbered).
 37176 | Depths:3 | Noticed Mennas
 37177 | Depths:3 | 37177 ||| INVOKING Heroism.
 37179 | Depths:3 | 37179 ||| DRINKING 17 potions of curing.
 37179 | Depths:3 | 37179 ||| (to cure confusion)
 37185 | Depths:3 | 37185 ||| DRINKING 16 potions of curing.
 37185 | Depths:3 | 37185 ||| (to cure confusion)
 37190 | Depths:3 | 37190 ||| DRINKING 15 potions of curing.
 37190 | Depths:3 | 37190 ||| (to cure confusion)
 37200 | Depths:3 | Killed Mennas
 37201 | Depths:3 | Reached XP level 21. HP: 134/217 MP: 27/27
 37224 | Depths:3 | 37224 ||| INVOKING Heroism.
 37364 | Depths:3 | 37364 ||| INVOKING Heroism.
 37413 | Depths:3 | 37413 ||| INVOKING Heroism.
 37423 | Depths:3 | 37423 ||| INVOKING Finesse.
 37453 | Depths:3 | 37453 ||| Stepping ~*~*~tactically~*~*~ (outnumbered).
 37457 | Depths:3 | 37457 ||| Stepping ~*~*~tactically~*~*~ (outnumbered).
 37458 | Depths:3 | 37458 ||| Stepping ~*~*~tactically~*~*~ (outnumbered).
 37463 | Abyss:3  | Cast into level 3 of the Abyss (a deep elf demonologist)
 37496 | Abyss:3  | 37496 ||| INVOKING Heroism.
 37671 | Abyss:3  | Reached skill level 26 in Fighting
 37739 | Abyss:3  | Found a corrupted altar of Lugonu.
 37741 | Abyss:3  | Found a corrupted altar of Lugonu.
 37924 | Abyss:3  | 37924 ||| Stepping ~*~*~tactically~*~*~ (outnumbered).
 37926 | Abyss:3  | 37926 ||| Stepping ~*~*~tactically~*~*~ (outnumbered).
 37940 | Abyss:3  | 37940 ||| Stepping ~*~*~tactically~*~*~ (outnumbered).
 37946 | Abyss:3  | 37946 ||| Stepping ~*~*~tactically~*~*~ (outnumbered).
 37981 | Depths:3 | Escaped the Abyss
 37982 | Depths:3 | 37982 ||| INVOKING Heroism.
 37983 | Depths:3 | 37983 ||| INVOKING Finesse.
 37993 | Depths:3 | Reached skill level 18 in Armour
 38152 | Depths:3 | 38152 ||| INVOKING Heroism.
 38199 | Depths:3 | Paralysed by a vampire knight for 3 turns
 38278 | Depths:3 | Found a one-way gateway to a ziggurat.
 38308 | Depths:3 | 38308 ||| INVOKING Heroism.
 38309 | Depths:3 | 38309 ||| INVOKING Finesse.
 38320 | Depths:3 | Noticed a caustic shrike
 38330 | Depths:3 | Killed a caustic shrike
 38403 | Depths:3 | 38403 ||| INVOKING Heroism.
 38408 | Depths:3 | 38408 ||| INVOKING Finesse.
 38409 | Depths:3 | 38409 ||| Stepping ~*~*~tactically~*~*~ (outnumbered).
 38461 | Depths:3 | Identified the +5 orcbow of Expedience {flame, Will+}
                  | (Okawaru gifted it to you on level 3 of the Depths)
 38461 | Depths:3 | Received a gift from Okawaru
 38473 | Depths:3 | Identified the ring "Buatu" {MP+9 Int+3}
 38543 | Depths:3 | 38543 ||| INVOKING Heroism.
 38554 | Depths:3 | 38554 ||| INVOKING Finesse.
 38570 | Depths:3 | Noticed a caustic shrike
 38574 | Depths:3 | Killed a caustic shrike
 38581 | Depths:3 | 38581 ||| Stepping ~*~*~tactically~*~*~ (outnumbered).
 38588 | Depths:3 | Reached skill level 27 in Fighting
 38903 | Depths:3 | 38903 ||| DROPPING amulet of regeneration.
 38952 | Depths:4 | Entered Level 4 of the Depths
 38953 | Depths:4 | 38953 ||| PLANNING BAZAAR
 38956 | Depths:4 | 38956 ||| STAIRDANCE
 38983 | Depths:4 | Noticed a juggernaut
 38984 | Depths:4 | 38984 ||| INVOKING Heroism.
 38985 | Depths:4 | 38985 ||| INVOKING Finesse.
 38996 | Depths:4 | Killed a juggernaut
 39062 | Depths:4 | 39062 ||| Stepping ~*~*~tactically~*~*~ (outnumbered).
 39063 | Depths:4 | 39063 ||| Stepping ~*~*~tactically~*~*~ (outnumbered).
 39065 | Depths:4 | 39065 ||| Stepping ~*~*~tactically~*~*~ (outnumbered).
 39078 | Depths:4 | 39078 ||| INVOKING Finesse.
 39123 | Depths:4 | 39123 ||| INVOKING Heroism.
 39143 | Depths:4 | 39143 ||| INVOKING Finesse.
 39170 | Depths:4 | Reached XP level 22. HP: 233/233 MP: 25/29
 39245 | Depths:4 | 39245 ||| INVOKING Heroism.
 39246 | Depths:4 | 39246 ||| INVOKING Finesse.
 39254 | Depths:4 | 39254 ||| Stepping ~*~*~tactically~*~*~ (outnumbered).
 39263 | Depths:4 | 39263 ||| Stepping ~*~*~tactically~*~*~ (outnumbered).
 39386 | Depths:4 | 39386 ||| INVOKING Heroism.
 39387 | Depths:4 | 39387 ||| INVOKING Finesse.
 39475 | Depths:4 | 39475 ||| INVOKING Heroism.
 39534 | Depths:4 | Noticed a golden dragon
 39605 | Depths:4 | Found a flickering gateway to a bazaar.
 39643 | Bazaar   | Entered a bazaar
 39643 | Bazaar   | Found Lynieph's Distillery.
 39643 | Bazaar   | Found Wiotonet's Book Shoppe.
 39650 | Bazaar   | 39650 ||| BUYING 2 potions of curing (42 gold).
 39650 | Bazaar   | Bought 2 potions of curing for 42 gold pieces
 39650 | Bazaar   | 39650 ||| BUYING potion of curing (21 gold).
 39650 | Bazaar   | Bought a potion of curing for 21 gold pieces
 39650 | Bazaar   | 39650 ||| BUYING potion of might (28 gold).
 39650 | Bazaar   | Bought a potion of might for 28 gold pieces
 39672 | Bazaar   | Found Uckauruwn's Magic Scroll Shop.
 39681 | Bazaar   | 39681 ||| BUYING scroll of acquirement (520 gold).
 39681 | Bazaar   | Bought a scroll of acquirement for 520 gold pieces
 39681 | Bazaar   | 39681 ||| BUYING scroll of teleportation (30 gold).
 39681 | Bazaar   | Bought a scroll of teleportation for 30 gold pieces
 39681 | Bazaar   | 39681 ||| READING scroll of acquirement.
 39681 | Bazaar   | 39681 ||| ACQUIRING +0 hat of Parts Unknown {rC+ Will+
                  | Str+3}
 39681 | Bazaar   | Acquired the +0 hat of Parts Unknown {rC+ Will+ Str+3}
 39683 | Bazaar   | 39683 ||| UPGRADING to +0 hat of Parts Unknown {rC+ Will+
                  | Str+3}.
 39725 | Bazaar   | Found Evobb's Distillery.
 39734 | Bazaar   | 39734 ||| BUYING potion of haste (110 gold).
 39734 | Bazaar   | Bought a potion of haste for 110 gold pieces
 39734 | Bazaar   | 39734 ||| BUYING potion of mutation (88 gold).
 39734 | Bazaar   | Bought a potion of mutation for 88 gold pieces
 39765 | Depths:4 | 39765 ||| PLANNING DEPTHS
 39803 | Depths:4 | 39803 ||| INVOKING Heroism.
 39804 | Depths:4 | 39804 ||| INVOKING Finesse.
 40028 | Depths:4 | 40028 ||| INVOKING Heroism.
 40029 | Depths:4 | 40029 ||| INVOKING Finesse.
 40030 | Depths:4 | 40030 ||| Stepping ~*~*~tactically~*~*~ (outnumbered).
 40049 | Depths:4 | 40049 ||| Stepping ~*~*~tactically~*~*~ (outnumbered).
 40085 | Depths:4 | 40085 ||| Stepping ~*~*~tactically~*~*~ (outnumbered).
 40088 | Depths:4 | Noticed a golden dragon
 40092 | Depths:4 | Killed a golden dragon
 40093 | Depths:4 | Found a runed translucent door.
 40112 | Depths:4 | Reached skill level 21 in Armour
 40119 | Depths:4 | Found a runed translucent door.
 40124 | Depths:4 | Killed a golden dragon
 40160 | Depths:4 | Found a runed translucent door.
 40176 | Depths:4 | Found a runed translucent door.
 40195 | Depths:4 | Found a runed translucent door.
 40195 | Depths:4 | Found a runed translucent door.
 40203 | Depths:4 | 40203 ||| Stepping ~*~*~tactically~*~*~ (cloud).
 40250 | Depths:4 | 40250 ||| INVOKING Heroism.
 40267 | Depths:4 | Found a gate to the Realm of Zot.
 40273 | Depths:4 | Identified the +5 shortbow of Behath {antimagic, Fragile
                  | Int+5 Dex+2} (Okawaru gifted it to you on level 4 of the
                  | Depths)
 40273 | Depths:4 | Received a gift from Okawaru
 40451 | Depths:4 | 40451 ||| PLANNING VAULTS:5
 40766 | Vaults:5 | Entered Level 5 of the Vaults
 40766 | Vaults:5 | Noticed Mara
 40767 | Vaults:5 | 40767 ||| INVOKING Heroism.
 40770 | Vaults:5 | 40770 ||| INVOKING Finesse.
 40814 | Vaults:5 | Noticed qw's illusion
 40816 | Vaults:5 | Reached skill level 21 in Ranged Weapons
 40823 | Vaults:5 | 40823 ||| STAIRDANCE
 40836 | Vaults:4 | Noticed qw's illusion
 40844 | Vaults:4 | Killed Mara
 40969 | Vaults:5 | 40969 ||| INVOKING Heroism.
 40979 | Vaults:5 | 40979 ||| INVOKING Finesse.
 40980 | Vaults:5 | 40980 ||| INVOKING Finesse.
 41002 | Vaults:5 | 41002 ||| STAIRDANCE
 41136 | Vaults:5 | 41136 ||| INVOKING Heroism.
 41137 | Vaults:5 | 41137 ||| INVOKING Finesse.
 41213 | Vaults:5 | 41213 ||| INVOKING Heroism.
 41266 | Vaults:5 | 41266 ||| INVOKING Heroism.
 41303 | Vaults:5 | 41303 ||| Stepping ~*~*~tactically~*~*~ (outnumbered).
 41312 | Vaults:5 | 41312 ||| Stepping ~*~*~tactically~*~*~ (outnumbered).
 41323 | Vaults:5 | 41323 ||| Stepping ~*~*~tactically~*~*~ (outnumbered).
 41361 | Vaults:5 | 41361 ||| INVOKING Heroism.
 41362 | Vaults:5 | 41362 ||| INVOKING Finesse.
 41409 | Vaults:5 | Identified the +0 plate armour of Bedevilment {rPois}
 41410 | Vaults:5 | 41410 ||| INVOKING Heroism.
 41426 | Vaults:5 | Identified the amulet "Fimoep" {Spirit rPois rF- Will+
                  | Str+2}
 41431 | Vaults:5 | Identified the +11 rapier of Bappu {vamp, Contam rF+ rC+}
 41467 | Vaults:5 | 41467 ||| Stepping ~*~*~tactically~*~*~ (outnumbered).
 41470 | Vaults:5 | 41470 ||| Stepping ~*~*~tactically~*~*~ (outnumbered).
 41495 | Vaults:5 | 41495 ||| INVOKING Heroism.
 41512 | Vaults:5 | 41512 ||| Stepping ~*~*~tactically~*~*~ (outnumbered).
 41588 | Vaults:5 | Identified the staff of earth "Limoiket" {+Blink rElec
                  | Str+4 Dex-5}
 41591 | Vaults:5 | Identified the +7 chain mail "Bokot" {rPois rC- Will+
                  | Regen+ Stlth+}
 41654 | Vaults:5 | 41654 ||| INVOKING Heroism.
 41741 | Vaults:5 | Reached XP level 23. HP: 240/240 MP: 30/30
 41805 | Vaults:5 | 41805 ||| Stepping ~*~*~tactically~*~*~ (outnumbered).
 41807 | Vaults:5 | 41807 ||| Stepping ~*~*~tactically~*~*~ (outnumbered).
 41849 | Vaults:5 | 41849 ||| INVOKING Heroism.
 41850 | Vaults:5 | 41850 ||| Stepping ~*~*~tactically~*~*~ (outnumbered).
 41859 | Vaults:5 | 41859 ||| Stepping ~*~*~tactically~*~*~ (outnumbered).
 41861 | Vaults:5 | 41861 ||| Stepping ~*~*~tactically~*~*~ (outnumbered).
 41863 | Vaults:5 | 41863 ||| Stepping ~*~*~tactically~*~*~ (outnumbered).
 41865 | Vaults:5 | 41865 ||| Stepping ~*~*~tactically~*~*~ (outnumbered).
 41867 | Vaults:5 | 41867 ||| Stepping ~*~*~tactically~*~*~ (outnumbered).
 41869 | Vaults:5 | 41869 ||| Stepping ~*~*~tactically~*~*~ (outnumbered).
 41871 | Vaults:5 | 41871 ||| Stepping ~*~*~tactically~*~*~ (outnumbered).
 41873 | Vaults:5 | 41873 ||| Stepping ~*~*~tactically~*~*~ (outnumbered).
 41921 | Vaults:5 | Identified the ring "Jazaep" {Drain rN+ Will+ Dex+3}
 41979 | Vaults:5 | 41979 ||| INVOKING Heroism.
 42010 | Vaults:5 | Reached skill level 12 in Invocations
 42047 | Vaults:5 | Found the +5 scythe "Finisher" {speed, execute}
 42072 | Vaults:5 | Identified the staff of conjuration "Tuos" {rElec rC++}
 42096 | Vaults:5 | 42096 ||| INVOKING Heroism.
 42132 | Vaults:5 | 42132 ||| INVOKING Finesse.
 42134 | Vaults:5 | 42134 ||| Stepping ~*~*~tactically~*~*~ (outnumbered).
 42183 | Vaults:5 | 42183 ||| Stepping ~*~*~tactically~*~*~ (outnumbered).
 42191 | Vaults:5 | 42191 ||| Stepping ~*~*~tactically~*~*~ (outnumbered).
 42195 | Vaults:5 | 42195 ||| INVOKING Heroism.
 42201 | Vaults:5 | 42201 ||| Stepping ~*~*~tactically~*~*~ (outnumbered).
 42238 | Vaults:5 | 42238 ||| Stepping ~*~*~tactically~*~*~ (outnumbered).
 42240 | Vaults:5 | 42240 ||| Stepping ~*~*~tactically~*~*~ (outnumbered).
 42245 | Vaults:5 | 42245 ||| Stepping ~*~*~tactically~*~*~ (outnumbered).
 42247 | Vaults:5 | 42247 ||| Stepping ~*~*~tactically~*~*~ (outnumbered).
 42271 | Vaults:5 | Got a silver rune of Zot
 42551 | Vaults:5 | 42551 ||| PLANNING SHOPPING SPREE
 42551 | Vaults:5 | 42551 ||| DROPPING +2 pair of gloves of hurling.
 42552 | Vaults:5 | 42552 ||| DROPPING +2 robe of cold resistance.
 42553 | Vaults:5 | 42553 ||| DROPPING amulet "Fimoep" {Spirit rPois rF- Will+
                  | Str+2}.
 42554 | Vaults:5 | 42554 ||| DROPPING ring "Jazaep" {Drain rN+ Will+ Dex+3}.
 43104 | Vaults:3 | 43104 ||| BUYING amulet of the Sun {-Cast Harm Rampage
                  | Regen+ Str+4} (652 gold).
 43104 | Vaults:3 | Bought the amulet of the Sun {-Cast Harm Rampage Regen+
                  | Str+4} for 652 gold pieces
 43244 | Vaults:1 | 43244 ||| BUYING quicksilver dragon scales (1020 gold).
 43244 | Vaults:1 | Bought quicksilver dragon scales for 1020 gold pieces
 43532 | Orc:2    | 43532 ||| BUYING amulet of Vitality {RegenMP++ Regen++}
                  | (1100 gold).
 43532 | Orc:2    | Bought the amulet of Vitality {RegenMP++ Regen++} for 1100
                  | gold pieces
 43532 | Orc:2    | Found the amulet of Vitality {RegenMP++ Regen++}
 43532 | Orc:2    | 43532 ||| DROPPING amulet of reflection.
 43533 | Orc:2    | 43533 ||| DROPPING amulet of the Sun {-Cast Harm Rampage
                  | Regen+ Str+4}.
 43534 | Orc:2    | 43534 ||| PLANNING ZOT:1-4
 43786 | Zot:1    | Entered Level 1 of the Realm of Zot
 43786 | Zot:1    | Found the +4 dragonskin cloak
 43786 | Zot:1    | Noticed Tiamat
 43787 | Zot:1    | 43787 ||| INVOKING Heroism.
 43790 | Zot:1    | 43790 ||| Stepping ~*~*~tactically~*~*~ (outnumbered).
 43795 | Zot:1    | 43795 ||| Stepping ~*~*~tactically~*~*~ (outnumbered).
 43800 | Zot:1    | 43800 ||| Stepping ~*~*~tactically~*~*~ (outnumbered).
 43801 | Zot:1    | 43801 ||| Stepping ~*~*~tactically~*~*~ (outnumbered).
 43802 | Zot:1    | 43802 ||| Stepping ~*~*~tactically~*~*~ (outnumbered).
 43803 | Zot:1    | 43803 ||| Stepping ~*~*~tactically~*~*~ (outnumbered).
 43806 | Zot:1    | Received a gift from Okawaru
 43812 | Zot:1    | 43812 ||| INVOKING Finesse.
 43814 | Zot:1    | 43814 ||| Stepping ~*~*~tactically~*~*~ (outnumbered).
 43815 | Zot:1    | 43815 ||| Stepping ~*~*~tactically~*~*~ (outnumbered).
 43820 | Zot:1    | 43820 ||| Stepping ~*~*~tactically~*~*~ (outnumbered).
 43830 | Zot:1    | HP: 59/240 [white draconian/+0 war axe[Tiamat] (8)]
 43831 | Zot:1    | 43831 ||| READING 19 scrolls of teleportation.
 43832 | Zot:1    | HP: 26/240 [Tiamat/+3 antimagic bardiche (35)]
 43833 | Zot:1    | 43833 ||| DRINKING 3 potions of heal wounds.
 43834 | Zot:1    | 43834 ||| DRINKING 2 potions of heal wounds.
 43837 | Zot:1    | HP: 58/240 [red draconian/+0 short sword (3)]
 43838 | Zot:1    | 43838 ||| READING 18 scrolls of teleportation.
 43839 | Zot:1    | 43839 ||| DRINKING potion of heal wounds.
 43840 | Zot:1    | 43840 ||| Stepping ~*~*~tactically~*~*~ (outnumbered).
 43841 | Zot:1    | 43841 ||| INVOKING Heroism.
 43900 | Zot:1    | 43900 ||| INVOKING Heroism.
 44016 | Zot:1    | 44016 ||| INVOKING Heroism.
 44039 | Zot:1    | 44039 ||| INVOKING Heroism.
 44041 | Zot:1    | Killed Tiamat
 44213 | Zot:1    | 44213 ||| Stepping ~*~*~tactically~*~*~ (outnumbered).
 44214 | Zot:1    | 44214 ||| Stepping ~*~*~tactically~*~*~ (outnumbered).
 44217 | Zot:1    | 44217 ||| Stepping ~*~*~tactically~*~*~ (outnumbered).
 44220 | Zot:1    | 44220 ||| INVOKING Heroism.
 44222 | Zot:1    | 44222 ||| Stepping ~*~*~tactically~*~*~ (outnumbered).
 44224 | Zot:1    | 44224 ||| Stepping ~*~*~tactically~*~*~ (outnumbered).
 44236 | Zot:1    | 44236 ||| Stepping ~*~*~tactically~*~*~ (outnumbered).
 44271 | Zot:1    | 44271 ||| INVOKING Heroism.
 44274 | Zot:1    | Reached skill level 15 in Invocations
 44357 | Zot:1    | 44357 ||| INVOKING Heroism.
 44428 | Zot:1    | Identified the +5 hand axe of the Uplifting Gods {freeze,
                  | *Corrode rF+ Int+4}
 44479 | Zot:1    | Noticed an orb of fire
 44480 | Zot:1    | 44480 ||| DRINKING 2 potions of resistance.
 44481 | Zot:1    | 44481 ||| INVOKING Heroism.
 44498 | Zot:1    | Killed an orb of fire
 44648 | Zot:1    | 44648 ||| UPGRADING to ring of Okuowe Bastro {rF+ Str+6
                  | Dex+3}.
 44673 | Zot:2    | 44673 ||| INVOKING Heroism.
 44679 | Zot:2    | 44679 ||| Stepping ~*~*~tactically~*~*~ (outnumbered).
 44683 | Zot:2    | Noticed an orb of fire
 44684 | Zot:2    | 44684 ||| DRINKING potion of resistance.
 44697 | Zot:2    | HP: 60/240 [shadow dragon (12)]
 44698 | Zot:2    | 44698 ||| READING 18 scrolls of teleportation.
 44698 | Zot:2    | Gained mutation: You occasionally lose the ability to drink
                  | potions when taking damage. [an orb of fire]
 44703 | Zot:2    | HP: 39/240 [storm dragon (4)]
 44705 | Zot:2    | HP: 16/240 [storm dragon (5)]
 44706 | Zot:2    | Mangled by a death cob

Levels and vault maps discovered:
D:1:      dpeg_arrival_windows_large_door, layout_basic,
          shapermc_ecumenical_altar_flowoftime
D:2:      layout_rooms
D:3:      layout_loops_ring, lemuel_tele_altar, fedhas_ov_isle_minmay,
          uniq_grinder
D:4:      cheibrodos_old_hovel, layout_gridville,
          mainiacjoe_overflow_surrounded_room, nicolae_ru_awakened_eye,
          fiery_altar_vehumet, minmay_temple_entry_glassed_door, serial_shops,
          nicolae_shop_mannequins, minmay_statues_item, grunt_ministairs_8
D:5:      layout_gridville, mainiacjoe_overflow_small_starburst, minivault_23,
          uniq_edmund, uniq_sigmund
D:6:      layout_cave_pools
D:7:      layout_basic, nicolae_wu_jian_immortal_techniques,
          jmf_multi_god_temple, enter_bailey_3
D:8:      layout_rooms, mainiacjoe_overflow_chevrons, serial_shops, shop,
          uniq_pikel
D:9:      layout_roguey, mainiacjoe_overflow_six_doors_small,
          cheibriados_altar_1, serial_corexii_hall, corexii_hall_statues_x,
          corexii_hall_statues_i, gammafunk_ghost_spectres
D:10:     layout_loops_ring, zin_angel, lemuel_doored_altar,
          minmay_lair_entry_grove, serial_shops, shop
D:11:     layout_cave_pods, special_room [special_room_orc],
          nicolae_hepliaklqana_monster_ancestors
D:12:     layout_roguey, orc_0_dummy, hellmonk_ghost_happy_afterlife,
          chequers_hall_statues_y, minmay_fountain_box
D:13:     layout_loops_ring, serial_rivers, chequers_serial_rivers_room_b,
          chequers_serial_rivers_large_b, chequers_serial_rivers_small_3,
          chequers_serial_rivers_micro_b, chequers_serial_rivers_small_3,
          gauntlet_entry_generic
D:14:     minmay_ambush_box, layout_basic, grunt_vaults_entry_fortified,
          corexii_leaking_fountain, serial_shops, nicolae_shop_rolling_square
D:15:     hangedman_depths_entry_civil_slaughter, layout_cave_pods, minivault_4,
          uniq_josephine
Temple:   nicolae_temple_two_arcs
Lair:1:   layout_concentric_octagons, uniq_harold, uniq_grum
Lair:2:   lemuel_slime, layout_chaotic_city, nicolae_spider_entry_tight_spaces,
          gammafunk_ghost_hydra_chop, small_statue_intersection,
          serial_bayou_shore_a, uniq_amaemon
Lair:3:   layout_gridlike, palyth_hydra_swamp_entry, eino_house_with_fridge,
          infiniplex_staircase_pool_2, lemuel_fruit_tree
Lair:4:   layout_roguey, grunt_megastairs_2
Lair:5:   cheibrodos_lair_end_hotspot, layout_regular_city,
          dpeg_slime_entry_corner, serial_bayou_shore_b
Swamp:1:  layout_basic_swamp, evilmike_swamp_ruin_house_5, swamp_pool1,
          nicolae_swamp_alligator_family, infiniplex_staircase_pool, uniq_donald
Swamp:2:  layout_basic_swamp, evilmike_swamp_ruin_house_3
Swamp:3:  nicolae_swamp_long_stream, layout_falls_marsh, hangedman_swamp_lotus,
          swamp_pool3, nicolae_swamp_godswood, nicolae_swamp_treefoil,
          nicolae_swamp_some_circles
Swamp:4:  swamp_alternative, layout_basic_swamp, nicolae_swamp_round_clearing,
          swamp_pool3, nicolae_swamp_bean_lake
Spider:1: layout_spider_delve, nicolae_crawler_farm,
          hangedman_spider_tarantella_strand
Spider:2: layout_spider_delve, nicolae_spider_cling_halls
Spider:3: layout_spider_delve
Spider:4: guppyfry_spider_rune, uniq_roxanne
Orc:1:    layout_caves, ebering_ghost_reflecting_pool, portal_ice_cave_rime,
          uniq_fannar
Orc:2:    st_orc_mages, layout_diamond_mine, serial_shops, shop,
          nicolae_orc_sculptors_studio, mines5_lemuel, uniq_jorgrun
Vaults:1: advil_vaults_ghost_lines, nicolae_vaults_triangles, vaults_mumra_hex,
          vaults_dpeg_diagonal, hangedman_vaults_nodes, st_lattice,
          nicolae_vaults_taking_the_gang_shopping,
          nicolae_vaults_door_testing_chamber, v_misc_24, v_pattern_5,
          v_misc_25, layout_vaults_ring, serial_shops,
          nicolae_shop_just_a_little_nook
Vaults:2: ebering_ghost_inner_flame, nicolae_vaults_storage_closets_3,
          nicolae_vaults_variable_pillar_hall, nicolae_vaults_prndl, v_misc_28,
          nicolae_vaults_weapon_check, nicolae_vaults_yaktaur_gun_rack,
          nicolae_vaults_tangram_2, v_misc_8, ontoclasm_vaults_twist,
          v_alt_pattern_5, layout_vaults_big_room, uniq_xtahua
Vaults:3: advil_vaults_ghost_guards, hangedman_vaults_restitches,
          hangedman_vaults_stream, ontoclasm_vaults_ring_square,
          nicolae_vaults_loss_of_containment, v_pattern_4,
          nicolae_vaults_variable_pillar_hall, layout_vaults_omnigrid,
          dummy_crypt_entry, serial_shops, nicolae_shop_gaudy_bauble
Vaults:4: nicolae_vaults_cornered_office, nicolae_vaults_closet_pinwheel_3,
          vaults_dpeg_cross, nicolae_vaults_circle_grid_b,
          ontoclasm_vaults_fire_temple, nicolae_vaults_house_3, v_pattern_2,
          v_misc_26, ontoclasm_vaults_idyll, v_misc_9,
          nicolae_vaults_sesquioval_fish, layout_vaults_omnibox,
          uniq_saint_roka, uniq_boris, uniq_bai_suzhen
Vaults:5: uniq_mara
Depths:1: layout_roguey, minmay_room_of_horrors, kennysheep_big_empty_room,
          hell_entry, kennysheep_four_rooms, roderic_lattice_octagonal_star
Depths:2: kennysheep_bubble_arena, layout_cave_pools, pan_entry,
          gammafunk_ghost_necromancy, grunt_metal_band,
          infiniplex_staircase_star
Depths:3: hangedman_pleasuredromes, abyss_entry, hell_entry, uniq_mennas,
          uniq_josephina
Depths:4: evilmike_zot_entry_castle, layout_gridlike, serial_shops,
          bzr_entry_gold, grunt_pan_entry_zigzag, hangedman_coc_ice_floe
Zot:1:    kennysheep_oblong_rooms, layout_onion_interference, uniq_tiamat
Zot:2:    grunt_zot_stairs_mandelzot, layout_onion_interference, basic_altar

Skill      XL: |  1  2  3  4  5  6  7  8  9 10 11 12 13 14 15 16 17 18 19 20 21 22 23 |
---------------+----------------------------------------------------------------------+-----
Ranged Weapons | 5 7 8 9 11 12 14 16 17 20 21 22 | 22.0
Fighting       | 3 4 6 7 8 9 11 12 14 16 18 20 22 25 27 | 27.0
Dodging        | 3 4 6 7 8 10 12 17 19 21 22 | 22.0
Armour         | 1 5 6 8 12 13 15 17 19 22 | 22.0
Invocations    | 2 4 8 10 11 15 | 15.8
Stealth        | |  0.7

Action                     |  1- 3 |  4- 6 |  7- 9 | 10-12 | 13-15 | 16-18 | 19-21 | 22-24 || total
---------------------------+-------+-------+-------+-------+-------+-------+-------+-------++-------
   Fire: Shortbow          |   101 |    81 |   292 |       |       |       |       |       ||   474
         Orcbow            |       |       |    48 |   790 |   620 |       |       |       ||  1458
         Longbow           |       |       |       |       |   333 |  1569 |  1535 |   939 ||  4376
 Invoke: Heroism           |       |       |     9 |    25 |    21 |    35 |    31 |    29 ||   150
         Finesse           |       |       |       |     1 |     3 |    13 |    19 |    10 ||    46
    Use: Scroll            |     6 |     8 |    11 |    11 |     8 |     8 |     4 |     4 ||    60
         Potion            |     1 |       |     2 |     1 |     2 |     2 |     8 |     5 ||    21
 Armour: Leather armour    |     2 |       |       |       |       |       |       |       ||     2
         Robe              |       |     2 |    16 |    56 |       |       |       |       ||    74
         Ring mail         |       |       |       |     1 |    54 |       |       |       ||    55
         Troll leather arm |       |       |       |       |    16 |    18 |       |       ||    34
         Swamp dragon scal |       |       |       |       |       |    82 |   157 |   112 ||   351
  Dodge: Dodged            |    17 |    10 |    89 |   392 |   497 |   841 |   968 |  1230 ||  4044

Table legend:
 A = Non-vault XP
 B = Vault XP
 C = Vault XP percentage of total XP
 D = Non-vault monster count
 E = Vault monster count
 F = Vault count percentage of total count
                 A         B        C        D         E       F
            +---------+---------+-------+---------+---------+-------
      Total |  430316 |  471213 |  52.3 |    1048 |     699 |  40.0
            +---------+---------+-------+---------+---------+-------
        D:1 |      23 |       0 |   0.0 |      14 |       0 |   0.0
        D:2 |      42 |       0 |   0.0 |      10 |       0 |   0.0
        D:3 |      98 |     258 |  72.5 |      23 |       1 |   4.2
        D:4 |     407 |      48 |  10.5 |      20 |       3 |  13.0
        D:5 |     461 |     397 |  46.3 |      16 |       2 |  11.1
        D:6 |     712 |       0 |   0.0 |      16 |       0 |   0.0
        D:7 |     707 |     183 |  20.6 |       7 |       6 |  46.2
        D:8 |    1278 |     697 |  35.3 |      21 |       1 |   4.5
        D:9 |    2768 |       0 |   0.0 |      30 |       0 |   0.0
       D:10 |    3154 |    1855 |  37.0 |      28 |      13 |  31.7
       D:11 |    2852 |    1899 |  40.0 |      16 |      26 |  61.9
       D:12 |    5788 |       0 |   0.0 |      23 |       0 |   0.0
       D:13 |    5721 |       0 |   0.0 |      26 |       0 |   0.0
       D:14 |    5594 |    9149 |  62.1 |      14 |      17 |  54.8
       D:15 |    8519 |    6021 |  41.4 |      19 |      10 |  34.5
     Lair:1 |    3801 |    1388 |  26.7 |      14 |       5 |  26.3
     Lair:2 |   14559 |    4254 |  22.6 |      48 |      39 |  44.8
     Lair:3 |   12326 |    2564 |  17.2 |      34 |      16 |  32.0
     Lair:4 |    2379 |    1806 |  43.2 |      14 |       4 |  22.2
     Lair:5 |    5982 |    8371 |  58.3 |      18 |      27 |  60.0
    Swamp:1 |    6401 |    3873 |  37.7 |      10 |       4 |  28.6
    Swamp:2 |   15048 |       0 |   0.0 |      32 |       0 |   0.0
    Swamp:3 |    9879 |       0 |   0.0 |      19 |       0 |   0.0
    Swamp:4 |   15094 |   19249 |  56.0 |      30 |      25 |  45.5
   Spider:1 |   15261 |    5063 |  24.9 |      33 |       8 |  19.5
   Spider:2 |   19091 |       0 |   0.0 |      59 |       0 |   0.0
   Spider:3 |    7428 |       0 |   0.0 |      18 |       0 |   0.0
   Spider:4 |   17825 |   22061 |  55.3 |      41 |      33 |  44.6
      Orc:1 |    2673 |    1652 |  38.2 |      32 |       3 |   8.6
      Orc:2 |    6335 |    7985 |  55.8 |      56 |      53 |  48.6
   Vaults:1 |   29296 |   29414 |  50.1 |      45 |      41 |  47.7
   Vaults:2 |   17275 |   21211 |  55.1 |      37 |      27 |  42.2
   Vaults:3 |   19781 |   10649 |  35.0 |      25 |      19 |  43.2
   Vaults:4 |   13238 |   40505 |  75.4 |      18 |      43 |  70.5
   Vaults:5 |   19694 |   83651 |  80.9 |      29 |      83 |  74.1
   Depths:1 |   15581 |    8799 |  36.1 |      17 |      20 |  54.1
   Depths:2 |   26217 |   14722 |  36.0 |      30 |      14 |  31.8
   Depths:3 |    2104 |   91706 |  97.8 |       4 |      92 |  95.8
   Depths:4 |   41161 |   38471 |  48.3 |      40 |      33 |  45.2
      Zot:1 |   23953 |   25566 |  51.6 |      18 |      20 |  52.6
      Zot:2 |    9366 |       0 |   0.0 |       6 |       0 |   0.0
    Abyss:3 |   20444 |       0 |   0.0 |      38 |       0 |   0.0
   Gauntlet |       0 |    7746 | 100.0 |       0 |      11 | 100.0
            +---------+---------+-------+---------+---------+-------
